 Dungeon Crawl Stone Soup version 0.31-a0-971-g75a2e9a4b4 (webtiles) character file.

Game seed: 2810810736352302410

19904137 Flugkiller the Conqueror (level 27, 199/199 HPs)
             Began as a Deep Elf Fire Elementalist on Oct 28, 2023.
             Was the Champion of Vehumet.
             Escaped with the Orb
             ... and 15 runes!
             The game lasted 03:03:32 (76684 turns).

Flugkiller the Conqueror (DEFE)                    Turns: 76684, Time: 03:03:33

Health: 199/199    AC: 15    Str: 12    XL:     27
Magic:  64/64      EV: 18    Int: 58    God:    Vehumet [******]
Gold:   10044      SH:  0    Dex: 13    Spells: 15/78 levels left

rFire   + + +        P - staff "Sajuel" {rC+ Str+3 SInv Conj}
rCold   + + +        o - orb of Going Fast {*channel, rCorr}
rNeg    + + +        W - +1 leather armour of the Centipede {rF+ Will+ Regen+}
rPois   .            m - +4 helmet of Sidoenat {rF+ rC++ Int+3 Dex-4}
rElec   .            X - +2 cloak of the Boiling Point {rN+ Int+4 Stlth+}
rCorr   +            E - +0 pair of gloves of Zotzarchipt {Regen+ Str-2 Int+4}
SInv    +            d - +1 pair of boots of Dramatic Exits {MP+9 Int+7}
Will    +++..        x - amulet of Fun {RegenMP Stlth+}
Stlth   ++++         S - ring "Ami Cem" {rC+ rN++ rCorr Int+3 SInv}
HPRegen 2.13/turn    y - ring "Ecracw" {Fire Str+4 Int+4}
MPRegen 0.79/turn

%: channel magic (20%)
@: studying Ranged Weapons
A: hooves 1, thin skeletal structure 1
0: Orb of Zot
}: 15/15 runes: barnacled, slimy, silver, golden, iron, obsidian, icy, bone,
abyssal, demonic, glowing, magical, fiery, dark, gossamer
a: Renounce Religion


You escaped.
You worshipped Vehumet.
Vehumet was exalted by your worship.
You visited 17 branches of the dungeon, and saw 86 of its levels.
You visited Pandemonium 2 times, and saw 16 of its levels.
You visited the Abyss 1 time.
You also visited: Gauntlet and Desolation.

You collected 14023 gold pieces.
You spent 3979 gold pieces at shops.

Inventory:

Missiles
 u - 17 throwing nets
Armour
 d - the +1 pair of boots of Dramatic Exits (worn) {MP+9 Int+7}
   (You found it on level 2 of the Orcish Mines)

   Int+7:     It affects your intelligence (+7).
   MP+9:      It affects your magic capacity (+9).
 m - the +4 helmet of Sidoenat (worn) {rF+ rC++ Int+3 Dex-4}
   (You acquired it on level 1 of the Tomb of the Ancients)

   Int+3:     It affects your intelligence (+3).
   Dex-4:     It affects your dexterity (-4).
   rF+:       It protects you from fire.
   rC++:      It greatly protects you from cold.
 o - the orb of Going Fast (worn) {*channel, rCorr}
   (You bought it in a shop on level 2 of the Shoals)

   rCorr:     It protects you from acid and corrosion.
 E - the +0 pair of gloves of Zotzarchipt (worn) {Regen+ Str-2 Int+4}
   (You acquired it on level 5 of the Lair of Beasts)

   Str-2:     It affects your strength (-2).
   Int+4:     It affects your intelligence (+4).
   Regen+:    It increases your rate of health regeneration.
 W - the +1 leather armour of the Centipede (worn) {rF+ Will+ Regen+}
   (You found it on level 3 of the Shoals)

   rF+:       It protects you from fire.
   Will+:     It increases your willpower.
   Regen+:    It increases your rate of health regeneration.
 X - the +2 cloak of the Boiling Point (worn) {rN+ Int+4 Stlth+}
   (You found it in a Gauntlet)

   Int+4:     It affects your intelligence (+4).
   rN+:       It protects you from negative energy.
   Stlth+:    It makes you more stealthy.
Magical Staves
 c - the staff of Cuorch {rF+ rC- Int+6 Fire}
   (You found it on level 2 of the Depths)

   [staff of fire]

   Base accuracy: +5 Base damage: 5 Base attack delay: 1.2 This weapon's minimum
   attack delay (0.6) is reached at skill level 12.
   Int+6:     It affects your intelligence (+6).
   rF+:       It protects you from fire.
   rC-:       It makes you vulnerable to cold.
   Fire:      It increases the power of your Fire spells.
   It falls into the 'Staves' category.
   It is a one-handed weapon.
 s - the staff "Eviscerator" {rN+ Earth}
   (You took it off a deep elf annihilator on level 5 of the Vaults)

   [staff of earth]

   Base accuracy: +5 Base damage: 5 Base attack delay: 1.2 This weapon's minimum
   attack delay (0.6) is reached at skill level 12.
   rN+:       It protects you from negative energy.
   Earth:     It increases the power of your Earth spells.
   It falls into the 'Staves' category.
   It is a one-handed weapon.
 P - the staff "Sajuel" (weapon) {rC+ Str+3 SInv Conj}
   (You found it on level 3 of the Tomb of the Ancients)

   [staff of conjuration]

   Base accuracy: +5 Base damage: 5 Base attack delay: 1.2 This weapon's minimum
   attack delay (0.6) is reached at skill level 12.
   Str+3:     It affects your strength (+3).
   rC+:       It protects you from cold.
   SInv:      It lets you see invisible.
   Conj:      It increases the power of your Conjurations spells.
   It falls into the 'Staves' category.
   It is a one-handed weapon.
Jewellery
 f - the ring of Qeneag {AC+4 Str+4}
   (You found it in the Desolation of Salt)

   [ring of protection]

   AC+4:      It affects your AC (+4).
   Str+4:     It affects your strength (+4).
 p - the ring "Geleshro" {rElec Str+6 SInv}
   (You found it on level 7 of Cocytus)

   [ring of strength]

   Str+6:     It affects your strength (+6).
   rElec:     It insulates you from electricity.
   SInv:      It lets you see invisible.
 r - the ring "Roxzonenn" {rElec rF+ rN+ Dex+4}
   (You found it on level 3 of the Tomb of the Ancients)

   [ring of protection from fire]

   Dex+4:     It affects your dexterity (+4).
   rF+:       It protects you from fire.
   rElec:     It insulates you from electricity.
   rN+:       It protects you from negative energy.
 v - the amulet of Sote {Spirit rPois Dex+2 Stlth+}
   (You found it in the Desolation of Salt)

   [amulet of guardian spirit]

   Spirit:    It causes incoming damage to be divided between your reserves of
   health and magic.
   Dex+2:     It affects your dexterity (+2).
   rPois:     It protects you from poison Stlth+: It makes you more stealthy.
 x - the amulet of Fun (around neck) {RegenMP Stlth+}
   (You found it in the Desolation of Salt)

   [amulet of magic regeneration]

   RegenMP:   It increases your rate of magic regeneration.
   Stlth+:    It makes you more stealthy.
 y - the ring "Ecracw" (right hand) {Fire Str+4 Int+4}
   (You found it on level 1 of the Vaults)

   [ring of fire]

   Fire:      It enhances your fire magic.
   Str+4:     It affects your strength (+4).
   Int+4:     It affects your intelligence (+4).
   rF+:       It protects you from fire.
   rC-:       It makes you vulnerable to cold.
 S - the ring "Ami Cem" (left hand) {rC+ rN++ rCorr Int+3 SInv}
   (You found it on level 13 of the Dungeon)

   [ring of see invisible]

   Int+3:     It affects your intelligence (+3).
   rC+:       It protects you from cold.
   rN++:      It greatly protects you from negative energy.
   SInv:      It lets you see invisible.
   rCorr:     It protects you from acid and corrosion.
Talismans
 T - a talisman of death
   (You took it off Josephina on level 2 of the Crypt)
Wands
 D - a wand of iceblast (96)
   (You found it on level 6 of the Dungeon)
 F - a wand of digging (19)
   (You found it on level 7 of the Dungeon)
 G - a wand of paralysis (67)
   (You found it on level 7 of the Dungeon)
 I - a wand of mindburst (55)
   (You found it on level 8 of the Dungeon)
 M - a wand of quicksilver (56)
   (You found it on level 5 of the Dungeon)
Scrolls
 e - 7 scrolls of fear
 l - 11 scrolls of immolation
 t - 29 scrolls of teleportation
 z - 8 scrolls of blinking
 B - a scroll of torment
 C - 10 scrolls of vulnerability
 L - 5 scrolls of fog
 U - a scroll of summoning
Potions
 a - 8 potions of brilliance
 b - 7 potions of magic
 h - 5 potions of haste
 k - 10 potions of enlightenment
 n - 4 potions of resistance
 q - 22 potions of curing
 w - 15 potions of heal wounds
 A - 14 potions of ambrosia
 J - 10 potions of mutation
 K - 3 potions of cancellation
 V - 5 potions of lignification
 Z - 3 potions of invisibility
Miscellaneous
 g - a tin of tremorstones (2/2)
   (You found it in a Gauntlet)
 i - a lightning rod (4/4)
   (You found it on level 2 of the Orcish Mines)
 H - a box of beasts
   (You found it on level 3 of the Spider Nest)
 N - a phial of floods
   (You found it on level 4 of the Spider Nest)
 O - the horn of Geryon
   (You took it off Geryon in the Vestibule of Hell)
 R - a figurine of a ziggurat
 Y - a phantom mirror
   (You found it in a Gauntlet)


   Skills:
 O Level 27 Fighting
 - Level 15.0 Dodging
 + Level 19.9 Stealth
 - Level 6.0 Shields
 + Level 26.4 Spellcasting
 - Level 20.9 Conjurations
 - Level 6.0 Transmutations
 - Level 20.9 Fire Magic
 - Level 24.0 Air Magic
 - Level 24.0 Earth Magic
 - Level 20.0 Evocations
 - Level 23.0 Shapeshifting


You had 15 spell levels left.
You knew the following spells:

 Your Spells              Type           Power      Damage    Failure   Level
a - Chain Lightning       Conj/Air       86%        3d115     1%          9
b - Maxwell's Capacitive  Air            75%        ∞         1%          8
c - Fire Storm            Conj/Fire      98%        8d25      2%          9
e - Shatter               Erth           75%        3d55*     1%          9
f - Starburst             Conj/Fire      98%        6d24      1%          6
g - Lehudib's Crystal Sp  Conj/Erth      86%        10d19     1%          8
i - Irradiate             Conj/Tmut      74%        3d36      1%          5
q - Apportation           Tloc           100%       N/A       1%          1
I - Ignition              Fire           85%        3d22      1%          8

Your spell library contained the following spells:

 Spells                   Type           Power      Damage    Failure   Level
 Foxfire                  Conj/Fire      100%       2x1d9     1%          1
 Freeze                   Ice            100%       1d10      1%          1
 Kiss of Death            Conj/Necr      100%       2d13      1%          1
 Magic Dart               Conj           100%       1d8       1%          1
 Necrotise                Necr           100%       1d9       1%          1
 Sandblast                Erth           100%       2d20      1%          1
 Shock                    Conj/Air       100%       1d9       1%          1
 Slow                     Hex            100%       N/A       1%          1
 Sting                    Tmut/Pois      100%       1d8       1%          1
 Summon Small Mammal      Summ           100%       N/A       1%          1
 Cigotuvi's Dreadful Rot  Necr/Pois/Air  100%       N/A       1%          2
 Momentum Strike          Conj/Tloc      100%       3d10      1%          2
 Passwall                 Tmut/Erth      100%       N/A       1%          2
 Poisonous Vapours        Pois/Air       100%       N/A       1%          2
 Scorch                   Fire           100%       2d9       1%          2
 Searing Ray              Conj           100%       2d8       1%          2
 Static Discharge         Conj/Air       100%       3-8/arc   1%          2
 Wereblood                Tmut           98%        N/A       1%          2
 Dazzling Flash           Conj/Hex       100%       N/A       1%          3
 Frozen Ramparts          Ice            100%       1d16      1%          3
 Hailstorm                Conj/Ice       100%       3d20      1%          3
 Ignite Poison            Fire/Tmut/Pois 100%       N/A       1%          3
 Inner Flame              Hex/Fire       100%       N/A       1%          3
 Mephitic Cloud           Conj/Pois/Air  100%       N/A       1%          3
 Stone Arrow              Conj/Erth      100%       3d13      1%          3
 Swiftness                Air            100%       N/A       1%          3
 Volatile Blastmotes      Fire/Tloc      100%       2d18      1%          3
 Airstrike                Air            75%        2d(11-27) 1%          4
 Animate Armour           Summ/Erth      100%       N/A       1%          4
 Brom's Barrelling Bould  Conj/Erth      100%       2d11      1%          4
 Flame Wave               Conj/Fire      100%       2d21      1%          4
 Fulminant Prism          Conj/Hex       69%        3d28      1%          4
 Iskenderun's Mystic Bla  Conj/Tloc      100%       2d19      1%          4
 Leda's Liquefaction      Hex/Erth       60%        N/A       1%          4
 Olgreb's Toxic Radiance  Pois           67%        N/A       1%          4
 Petrify                  Tmut/Erth      100%       N/A       1%          4
 Summon Lightning Spire   Summ/Air       100%       N/A       1%          4
 Vhi's Electric Charge    Tloc/Air       100%       N/A       1%          4
 Arcjolt                  Conj/Air       86%        1d96      1%          5
 Borgnjor's Vile Clutch   Necr/Erth      60%        N/A       1%          5
 Fireball                 Conj/Fire      98%        3d36      1%          5
 Freezing Cloud           Conj/Ice/Air   77%        6-21      1%          5
 Iskenderun's Battlesphe  Conj           100%       2d15      1%          5
 Lee's Rapid Deconstruct  Erth           75%        3d34*     1%          5
 Silence                  Hex/Air        60%        N/A       1%          5
 Bombard                  Conj/Erth      86%        9d14      1%          6
 Conjure Ball Lightning   Conj/Air       86%        3x3d32    1%          6
 Plasma Beam              Fire/Air       86%        2x1d105   1%          6
 Orb of Destruction       Conj           85%        9d19      1%          7
 Blink                    Tloc           100%       N/A       2%          2
 Call Imp                 Summ           100%       N/A       2%          2
 Ensorcelled Hibernation  Hex/Ice        100%       N/A       2%          2
 Jinxbite                 Hex            100%       N/A       2%          2
 Lesser Beckoning         Tloc           100%       N/A       2%          2
 Sublimation of Blood     Necr           67%        N/A       2%          2
 Call Canine Familiar     Summ           67%        N/A       3%          3
 Confusing Touch          Hex            67%        N/A       3%          3
 Gell's Gravitas          Tloc           67%        N/A       3%          3
 Ozocubu's Armour         Ice            67%        N/A       3%          3
 Sigil of Binding         Hex            67%        N/A       3%          3
 Summon Guardian Golem    Hex/Summ       67%        N/A       3%          3
 Teleport Other           Tloc           67%        N/A       3%          3
 Tukima's Dance           Hex            67%        N/A       3%          3
 Vampiric Draining        Necr           67%        2d10      3%          3
 Eringya's Noxious Bog    Tmut/Pois      42%        4d6       4%          6
 Alistair's Intoxication  Tmut/Pois      56%        N/A       5%          5
 Anguish                  Hex/Necr       33%        N/A       6%          4
 Animate Dead             Necr           67%        N/A       6%          4
 Cause Fear               Hex            33%        N/A       6%          4
 Dimensional Bullseye     Hex/Tloc       33%        N/A       6%          4
 Dispel Undead            Necr           67%        3d23      6%          4
 Manifold Assault         Tloc           67%        N/A       6%          4
 Passage of Golubria      Tloc           67%        N/A       6%          4
 Summon Ice Beast         Ice/Summ       67%        N/A       6%          4
 Agony                    Necr           67%        N/A       11%         5
 Summon Forest            Summ/Tloc      33%        N/A       11%         5
 Summon Mana Viper        Hex/Summ       67%        N/A       11%         5
 Death Channel            Necr           33%        N/A       38%         6
 Simulacrum               Ice/Necr       33%        N/A       38%         6
 Summon Cactus Giant      Summ           33%        N/A       38%         6
 Ozocubu's Refrigeration  Ice            33%        4d14      41%         7
 Enfeeble                 Hex            33%        N/A       87%         7
 Haunt                    Necr/Summ      33%        N/A       87%         7
 Monstrous Menagerie      Summ           33%        N/A       87%         7
 Summon Hydra             Summ           33%        N/A       87%         7
 Discord                  Hex            33%        N/A       100%        8
 Disjunction              Tloc           33%        N/A       100%        8
 Infestation              Necr           33%        N/A       100%        8
 Summon Horrible Things   Summ           33%        N/A       100%        8
 Dragon's Call            Summ           33%        N/A       100%        9
 Polar Vortex             Ice            33%        12d4*     100%        9


Dungeon Overview and Level Annotations

Branches:
Dungeon (15/15)            Temple (0/1) D:5            Lair (5/5) D:8
 Shoals (4/4) Lair:2       Spider (4/4) Lair:3        Slime (5/5) Lair:5
    Orc (2/2) D:9             Elf (3/3) Orc:2        Vaults (5/5) D:14
  Crypt (3/3) Vaults:3       Tomb (3/3) Crypt:3      Depths (4/4) D:15
   Hell (visited)             Dis (7/7) Hell            Geh (7/7) Hell
    Coc (7/7) Hell            Tar (7/7) Hell            Zot (5/5) Depths:4
Desolation (visited)      Gauntlet (visited)

Altars:
Ashenzari
Elyvilon
Fedhas
Gozag
Kikubaaqudgha
Makhleb
Nemelex Xobeh
Okawaru
Qazlal
Sif Muna
Trog
Vehumet
Wu Jian
Yredelemnul
Zin
The Shining One
Jiyva

Shops:
D:8 *   D:9 ?   D:11 :[=   Orc:2 [=*[[*[:!   Elf:2 (   Shoals:2 [[(*
Vaults:1 (   Vaults:3 [?[:(   Depths:1 :==   Depths:2 :

Portals:
Hell: Depths:1 Depths:2 Depths:3 Depths:4
Abyss: Depths:1 Depths:3
Pandemonium: Depths:2
Ziggurat: Depths:2

Annotations:
D:4 1 transporter, Vorhees's ghost, amateur OpSh
D:6 5 runed translucent doors
D:7 1 runed translucent door, Crazy Yiuf
D:8 1 runed translucent door, makewrite's ghost, novice HOFi
D:15 3 runed translucent doors, Pionit's ghost, journeyman GrEE
Lair:4 exclusion: oklob plant
Tomb:3 exclusion: upstairs


Innate Abilities, Weirdness & Mutations

You have large cloven feet.
You have a somewhat thin skeletal structure. (Dex +2, Stealth+)


Message History

Casting: Fire Storm (dangerous; 2% risk of failure)
Confirm with . or Enter, or press ? or * to list all spells.
You feel a surge of power!
The air bursts into flame!
The fireball engulfs Boris!!
Boris is lightly damaged.
Boris is empowered by the presence of the orb!
Casting: Ignition (mildly dangerous; 1% risk of failure)
Confirm with . or Enter, or press ? or * to list all spells.
Aiming: Lehudib's Crystal Spear (mildly dangerous; 1% risk of failure)
Press: ? - help, Shift-Dir - straight line, f - Boris
Aim: Boris, wearing a +1 robe (lightly damaged, fast, spells empowered, 86% to hit)
You feel a surge of power!
The crystal spear hits Boris!!!!
Boris is almost destroyed.
Boris hits you. Boris touches you.
Casting: Lehudib's Crystal Spear (mildly dangerous; 1% risk of failure)
Confirm with . or Enter, or press ? or * to list all spells.
Aiming: Lehudib's Crystal Spear (mildly dangerous; 1% risk of failure)
Press: ? - help, Shift-Dir - straight line, f/p - Boris
Aim: Boris, wearing a +1 robe (almost destroyed, fast, spells empowered, 86% to hit)
You feel a surge of power!
The crystal spear hits Boris!!!!
You destroy Boris!
Vehumet accepts your kill.
You see here a +1 robe.
A ynoxinul comes into view.
There is a stone staircase leading up here.
You climb upwards.
There is a stone staircase leading down here.
There is a stone staircase leading up here.
You climb upwards.
There is a stone staircase leading down here.
There is a stone staircase leading up here.
You climb upwards.
There is a stone staircase leading down here.
There is an open door here.
A demonic crawler comes into view.
There is a stone staircase leading up here.
You climb upwards.
Level annotation: 1 runed translucent door, makewrite's ghost, novice HOFi
There is a stone staircase leading down here.
There is a stone staircase leading up here.
Magic restored.
There is a stone staircase leading up here.
You climb upwards.
Level annotation: 1 runed translucent door, Crazy Yiuf
There is a stone staircase leading down here.
There is a stone staircase leading up here.
You climb upwards.
Level annotation: 5 runed translucent doors
There is a stone staircase leading down here.
Things that are here:
a +0 scale mail; a boomerang; a +0 short sword
Things that are here:
a +0 hand axe; a +0 flail
Things that are here:
a +0 robe; a +0 dagger; a +0 whip
There is a stone staircase leading up here.
You climb upwards.
There is a stone staircase leading down here.
A Tzitzimitl comes into view.
The Tzitzimitl moves out of view.
There is a stone staircase leading up here.
You climb upwards.
Level annotation: 1 transporter, Vorhees's ghost, amateur OpSh
There is a stone staircase leading down here.
A lorocyproca comes into view.
There is a stone staircase leading up here.
You climb upwards.
There is a stone staircase leading down here.
There is a stone staircase leading up here.
You climb upwards.
There is a stone staircase leading down here.
An Orb Guardian comes into view.
Casting: Lehudib's Crystal Spear (mildly dangerous; 1% risk of failure)
Confirm with . or Enter, or press ? or * to list all spells.
Aiming: Lehudib's Crystal Spear (mildly dangerous; 1% risk of failure)
Press: ? - help, Shift-Dir - straight line, f - Orb Guardian
Aim: an Orb Guardian (81% to hit)
You feel a surge of power!
The crystal spear hits the Orb Guardian!!!
The Orb Guardian is severely wounded.
Casting: Lehudib's Crystal Spear (mildly dangerous; 1% risk of failure)
Confirm with . or Enter, or press ? or * to list all spells.
Aiming: Lehudib's Crystal Spear (mildly dangerous; 1% risk of failure)
Press: ? - help, Shift-Dir - straight line, f/p - Orb Guardian
Aim: an Orb Guardian (severely wounded, 81% to hit)
You feel a surge of power!
The crystal spear hits the Orb Guardian!!!!
You kill the Orb Guardian!
Vehumet accepts your kill.
You feel your power returning.
Magic restored.
There is a stone staircase leading up here.
You climb upwards.
There is a stone staircase leading down here.
You open the door.
There is an open door here.
There is a staircase leading out of the dungeon here.
Unknown command.
Enter note: gg You have escaped!

>.....#.####.#.....######.####.#
#####.#.####.#.....# #.# #>#
#...........#.## #.# #.#
#.#.####.......######÷# #.#
#.#.# ###............# #.# #.#.#
#......####### #.#
#.#.###########.# ####.#
#.#......##...#.# #....# #
#......##.'.@.'.# #.#### #
######.#..#...### #.# #
##.#...##'## #.# # #.###.....#
#.# # #..#..###.# #.# # #.#.#.#
#.# #.# # #####.###.# #.# #.#
####.........# #.# ######.#####
#.......†....# #.# #...........


There were no monsters in sight!

Vanquished Creatures
  Cerebov (Pan)
  Antaeus (Coc:7)
  Asmodeus (Geh:7)
  the Royal Jelly (Slime:5)
  Ereshkigal (Tar:7)
  Gloorx Vloq (Pan)
  Mnoleg (Pan)
  the Serpent of Hell (Dis:7)
  Lom Lobon (Pan)
  Dispater (Dis:7)
  12 dread liches
  3 orbs of fire (Zot:5)
  15 ancient liches
  Mennas (Crypt:3)
  5 juggernauts
  Josephina (Crypt:2)
  Boris (twice) (Depths:4 D:12)
  Margery (Vaults:3)
  3 Killer Klowns (Zot:5)
  Sojobo (Vaults:2)
  30 royal mummies
  14 shard shrikes (Coc:7)
  11 caustic shrikes
  7 pandemonium lords
  A curse toe (Zot:5)
  Bai Suzhen (Crypt:2)
  Geryon (Hell)
  the Enchantress (Depths:2)
  4 golden dragons
  5 profane servitors
  The ghost of Ynkabiuw the Metamorph, an adept TrCK of Jiyva (Vaults:4)
  Norris (Vaults:3)
  21 bone dragons
  17 iron giants
  2 electric golems (Zot:5)
  6 Tzitzimimeh
  3 spectral shard shrikes
  13 Brimstone Fiends
  17 doom hounds
  Zenata (Elf:2)
  12 hellephants
  18 tainted leviathans
  18 Ice Fiends
  15 tentacled monstrosities
  24 Orb Guardians
  A walking earthen tome (Depths:3)
  8 liches
  A walking crystal tome (Depths:3)
  24 Hell Sentinels
  A walking divine tome (Depths:2)
  5 deep elf blademasters
  Murray (Hell)
  8 searing wretches
  5 tentacled starspawn
  2 deep elf master archers (Elf:3)
  17 acid blobs
  12 sphinxes
  22 Executioners (Pan)
  Polyphemus (Shoals:4)
  27 titans
  41 ancient champions
  A death cob (Zot:1)
  Kirke (Spider:1)
  7 shadow dragons
  5 krakens (Shoals:3)
  8 tengu reavers
  Aizul (Elf:2)
  8 storm dragons
  9 revenants
  11 rockslimes
  24 fire giants
  5 demonspawn warmongers (Pan)
  15 narguns
  A draconian knight (Zot:5)
  16 azure jellies
  4 draconian monks
  10 iron dragons
  27 balrugs
  A spectral caustic shrike (Tar:1)
  18 frost giants
  3 deep elf sorcerers
  5 ghost moths
  3 emperor scorpions
  A draconian scorcher (Zot:3)
  An orc warlord (Vaults:1)
  5 deep elf elementalists (Elf:3)
  An angel (Shoals:4)
  10 quicksilver elementals
  2 imperial myrmidons (Desolation)
  5 ghouls
  20 vault wardens
  4 curse skulls
  The ghost of Mgcat the Severer, a journeyman OpFi of Gozag (Orc:2)
  Louise (Spider:2)
  17 stone giants
  8 broodmothers
  7 demonspawn corrupters
  11 cacodemons
  6 spriggan defenders
  A juggernaut zombie (Tomb:3)
  6 shard shrike simulacra
  29 very ugly things
  5 reapers
  21 war gargoyles
  2 draconian shifters (Zot:3)
  3 draconian annihilators (Pan)
  5 formless jellyfish
  18 ironbound preservers
  7 quicksilver oozes
  8 grey draconians (Zot:3)
  7 demonspawn blood saints
  Nessos (Orc:2)
  9 vampire knights
  3 demonspawn black suns (Pan)
  8 deep elf demonologists
  9 putrid mouths
  10 lorocyprocas
  10 elemental wellsprings
  9 deep elf annihilators
  3 halazid warlocks (Desolation)
  7 ironbound thunderhulks
  4 black draconians
  A minotaur (Gauntlet)
  10 wendigos
  14 bennus (Tomb:3)
  9 red draconians
  13 dire elephants
  A spectral titan (Tar:1)
  9 spark wasps
  3 purple draconians
  7 yellow draconians
  21 eidola
  A quicksilver dragon zombie (Crypt:2)
  14 iron golems
  A spectral quicksilver dragon (Tar:5)
  10 blizzard demons
  15 green deaths
  A crystal guardian (Desolation)
  16 merfolk impalers
  11 ettins
  4 spectral spriggans
  18 yaktaur captains
  15 deep elf death magi
  15 jiangshi
  7 merfolk javelineers
  32 mummy priests
  5 deep elf high priests
  14 ragged hierophants (Desolation)
  6 great orbs of eyes
  A spectral golden dragon (Tar:5)
  11 fire dragons
  5 entropy weavers
  10 salamander tyrants
  11 servants of whispers
  6 rakshasas
  A hell beast (Pan)
  6 spriggan air magi
  6 hydras
  An anaconda (shapeshifter) (Vaults:4)
  3 spriggan zombies
  9 ice dragons
  28 vault guards
  2 catoblepae
  7 juggernaut simulacra
  A ghost crab (Gauntlet)
  9 ogre magi
  An alligator snapping turtle (Shoals:4)
  12 peacekeepers
  A jorogumo (Spider:3)
  6 boulder beetles
  4 stokers
  7 caustic shrike simulacra
  A fenstrider witch skeleton (Pan)
  9 ironbound frosthearts
  4 death knights
  2 radroaches
  26 two-headed ogres
  6 merfolk avatars
  8 death scarabs (Tomb:1)
  13 merfolk aquamancers
  4 satyrs
  3 centaur warriors
  3 death yaks (Shoals:4)
  A bennu skeleton (Crypt:1)
  A holy swine (Shoals:4)
  A tengu warrior (Depths:2)
  6 deep troll earth magi
  5 deep troll shamans
  A spectral stone giant (Tar:3)
  2 orc high priests (Elf:1)
  17 demonic crawlers
  49 dancing weapons
  6 spriggan berserkers
  20 hell hogs
  10 occultists
  A thrashing horror (Abyss:4)
  8 vampire magi
  A titan zombie (Crypt:3)
  2 spectral dire elephants
  10 spriggans
  32 hell knights
  45 sun demons
  30 skeletal warriors
  2 titan skeletons
  19 deep elf knights
  18 soul eaters
  2 wretched stars (Abyss:4)
  8 crystal echidnas
  24 shadow wraiths
  6 iron trolls
  8 pharaoh ants
  A goliath frog (shapeshifter) (Depths:4)
  5 skysharks
  4 cherubim (Shoals:4)
  9 sixfirhies (Pan)
  4 quicksilver dragon simulacra
  11 glowing orange brains
  10 sea snakes
  7 flayed ghosts
  40 large abominations
  A salamander mystic (Depths:4)
  A spriggan simulacrum (Coc:7)
  45 deep trolls
  13 orb spiders
  13 shadow demons
  4 sun moths
  A swamp dragon (Lair:5)
  19 harpies
  24 ironbound convokers
  An anaconda zombie (Hell)
  14 deep elf archers
  9 arcanists
  9 phantasmal warriors
  A lindwurm (shapeshifter) (Depths:4)
  20 deep elf pyromancers
  An orange crystal statue (Shoals:2)
  3 anaconda skeletons
  A mana viper (Abyss:4)
  3 orc knights
  13 necromancers
  12 lindwurms
  34 deep elf zephyrmancers
  8 steelbarb worms
  6 shining eyes
  An iron dragon zombie (Crypt:2)
  4 salamanders (Depths:4)
  A stone giant zombie (Crypt:1)
  21 wolf spiders
  36 ugly things
  2 orc sorcerers
  18 manticores
  4 cyclopes
  A worldbinder (Abyss:1)
  18 fauns
  6 elephants (Lair:5)
  An alligator skeleton (Hell)
  7 rust devils
  A cyclops (shapeshifter) (Vaults:5)
  2 frost giant zombies
  A spectral ettin (Tar:3)
  5 moths of wrath
  A formless jellyfish zombie (Crypt:2)
  Maurice (D:9)
  A salamander (shapeshifter) (Vaults:5)
  An apocalypse crab (Gauntlet)
  5 eyes of devastation
  A black mamba (shapeshifter) (D:13)
  2 ice statues (Coc:7)
  4 water nymphs
  27 vault sentinels
  20 orange demons
  13 molten gargoyles
  8 merfolk sirens
  A guardian serpent (shapeshifter) (D:14)
  A centaur zombie (Tomb:2)
  6 black mambas
  46 hellions
  2 titan simulacra
  A shock serpent skeleton (Crypt:2)
  12 cane toads
  A kobold demonologist (D:11)
  25 smoke demons
  A minotaur zombie (Crypt:3)
  A dire elephant skeleton (Pan)
  2 centaur skeletons
  A naga skeleton (Crypt:2)
  A grey draconian zombie (Crypt:1)
  5 torpor snails
  A gargoyle (D:14)
  3 rime drakes
  A tengu conjurer (D:15)
  10 komodo dragons
  6 unseen horrors
  9 ice devils
  2 sea snake zombies
  4 anaconda simulacra
  50 guardian mummies
  20 tormentors
  10 freezing wraiths
  A spectral naga (Tar:2)
  3 efreet
  An iron giant simulacrum (Coc:7)
  30 yaktaurs
  3 bunyip simulacra
  3 golden dragon simulacra (Coc:7)
  4 spectral harpies
  A harpy zombie (Crypt:2)
  A sea snake skeleton (Hell)
  6 red devils
  20 hellwings (Pan)
  2 ancient zymes
  12 hornets
  46 merfolk
  A polar bear (Lair:3)
  A hornet (shapeshifter) (Vaults:5)
  A meliai (Spider:4)
  6 trolls
  35 tarantellas
  3 harpy skeletons
  75 saltlings
  An alligator simulacrum (Hell)
  24 wind drakes
  5 raiju
  8 dream sheep
  3 hydra skeletons
  121 slime creatures
  A black mamba zombie (Crypt:3)
  8 glass eyes
  11 snapping turtles
  A stone giant simulacrum (Coc:2)
  3 air elementals (Elf:1)
  30 jumping spiders
  10 flying skulls
  A shadow (D:9)
  54 yaks
  A centaur simulacrum (Coc:2)
  9 wraiths
  8 dire elephant simulacra
  9 ynoxinuls
  19 water elementals
  7 wyverns
  10 ushabtiu
  5 starcursed masses (Abyss:4)
  3 hogs (Spider:2)
  2 naga simulacra
  27 culicivoras
  6 fire elementals
  A human (Spider:2)
  4 fire bats (Pan)
  2 sea snake simulacra (Hell)
  6 basilisks
  9 chaos spawn (Pan)
  8 golden eyes (Pan)
  2 redbacks (shapeshifter)
  3 steam dragons
  67 redbacks
  6 harpy simulacra
  20 neqoxecs
  A wind drake skeleton (Crypt:1)
  16 vampire mosquitoes
  6 wargs (Orc:2)
  23 water moccasins
  A skyshark zombie (Crypt:1)
  2 acid dragons
  A hydra simulacrum (Coc:1)
  6 hell hounds
  A demonspawn skeleton (Crypt:2)
  A swamp drake (Lair:5)
  6 black bears
  3 ice beasts
  An ice dragon simulacrum (Coc:1)
  27 orc warriors
  A sky beast (shapeshifter) (Depths:2)
  A sky beast (D:7)
  An ettin simulacrum (Coc:5)
  34 ogres
  6 boggarts
  5 centaurs
  3 elf zombies (Elf:1)
  4 kobold brigands
  16 bullfrogs
  A necrophage (Crypt:1)
  3 gnoll sergeants
  A wyvern zombie (Crypt:2)
  3 earth elementals
  6 scorpions
  6 wights (D:8)
  5 killer bees
  4 howler monkeys
  7 electric eels
  6 jellies
  A basilisk zombie (Crypt:1)
  4 hounds
  25 orc priests
  2 gnoll boudas
  6 iguanas
  2 sleepcaps
  Natasha (thrice) (D:2)
  5 hell rats (Hell)
  22 orc wizards
  8 small abominations
  22 mummies
  Robin (D:2)
  15 gnolls
  6 adders
  2 shadow imps
  A swamp drake skeleton (Crypt:1)
  2 white imps (D:6)
  An ufetubus (Abyss:4)
  An adder zombie (Crypt:3)
  5 dart slugs
  82 orcs
  10 ball pythons
  6 endoplasms
  3 giant cockroaches
  12 goblins
  7 hobgoblins
  8 jackals
  2 quokkas
  A ball python zombie (Crypt:2)
  6 bats
  A frilled lizard (D:3)
  A hobgoblin zombie (Crypt:2)
  19 kobolds
  12 rats (D:2)
  3 creeping infernos
  8 fire vortices
  14 tentacles (Shoals:3)
3866 creatures vanquished.

Vanquished Creatures (collateral kills)
  A dread lich (Zot:5)
  A royal mummy (Tomb:1)
  A caustic shrike (Dis:7)
  A doom hound (Tar:7)
  A bone dragon (Tar:7)
  An Orb Guardian (Zot:5)
  A tentacled monstrosity (Depths:3)
  A tainted leviathan (Tar:7)
  A titan (Coc:7)
  An acid blob (Slime:5)
  2 ancient champions
  A tengu reaver (Vaults:3)
  An iron dragon (Depths:3)
  A very ugly thing (Depths:4)
  A putrid mouth (Hell)
  2 lorocyprocas (Pan)
  A yellow draconian (Zot:5)
  An ice dragon (Depths:2)
  A shadow wraith (Tar:7)
  A bog body (Crypt:1)
  A stone giant zombie (Abyss:3)
  A dire elephant skeleton (Pan)
  A catoblepas zombie (Crypt:2)
  A freezing wraith (Crypt:1)
  2 guardian mummies (Tomb:3)
  A glass eye (Slime:3)
  A mana viper skeleton (Crypt:2)
  A saltling (Desolation)
  A large abomination (Pan)
  A harpy skeleton (Tomb:1)
  4 slime creatures (Slime:5)
  A wraith (Crypt:1)
  A harpy simulacrum (Coc:7)
  2 acid dragons (Lair:5)
  A lindwurm zombie (Crypt:3)
  A hell rat (Hell)
  10 mummies
  An adder zombie (Crypt:3)
  2 orcs (Vaults:5)
  A hobgoblin zombie (Crypt:2)
  3 foxfires
60 creatures vanquished.

Vanquished Creatures (others)
  Nikola (Spider:2)
  A titan (Pan)
  An eldritch tentacle (Pan)
  A war gargoyle (Vaults:5)
  A spriggan air mage (Pan)
  A deep elf zephyrmancer (Elf:2)
  A deep elf pyromancer (Elf:2)
  A wind drake (Pan)
  An orc wizard (D:6)
  A quokka skeleton (Crypt:3)
  3 creeping infernos
  967 fire vortices
  775 foxfires
  2 starspawn tentacles (Abyss:3)
  15 tentacles (Shoals:3)
1772 creatures vanquished.

Grand Total: 5698 creatures vanquished

Notes
Turn   | Place    | Note
-------+----------+-------------------------------------------
     0 | D:1      | Flugkiller the Deep Elf Fire Elementalist began the quest
                  | for the Orb.
     0 | D:1      | Reached XP level 1. HP: 10/10 MP: 6/6
   150 | D:1      | Reached XP level 2. HP: 14/15 MP: 0/8
   859 | D:1      | Reached XP level 3. HP: 14/19 MP: 6/9
   883 | D:1      | Learned a level 2 spell: Scorch
  1078 | D:2      | Noticed Natasha
  1084 | D:2      | Killed Natasha
  1093 | D:2      | Noticed Natasha
  1275 | D:2      | Noticed Robin
  1284 | D:2      | Killed Robin
  1285 | D:2      | Reached XP level 4. HP: 24/24 MP: 7/11
  1529 | D:2      | Killed Natasha
  1756 | D:2      | Noticed Natasha
  1764 | D:2      | Killed Natasha
  1765 | D:2      | Reached XP level 5. HP: 27/28 MP: 1/13
  2009 | D:3      | Noticed an ice beast
  2020 | D:3      | Killed an ice beast
  2021 | D:3      | Reached skill level 5 in Fire Magic
  2412 | D:3      | Found a sparkling altar of Nemelex Xobeh.
  2613 | D:3      | Noticed an ogre
  2618 | D:3      | Killed an ogre
  2619 | D:3      | Reached XP level 6. HP: 32/32 MP: 7/15
  2851 | D:4      | Gained mutation: You have a pair of small horns on your
                  | head. [potion of mutation]
  2851 | D:4      | Gained mutation: You have large cloven feet. [potion of
                  | mutation]
  2851 | D:4      | Gained mutation: You occasionally shout uncontrollably at
                  | your foes. [potion of mutation]
  2851 | D:4      | Gained mutation: You are partially covered in iridescent
                  | scales. (AC +2) [potion of mutation]
  2923 | D:4      | Found a radiant altar of Vehumet.
  2938 | D:4      | Became a worshipper of Vehumet
  3353 | D:4      | Reached skill level 5 in Spellcasting
  3441 | D:4      | Reached skill level 5 in Conjurations
  3441 | D:4      | Reached XP level 7. HP: 33/36 MP: 10/16
  3646 | D:4      | Found a transporter.
  3647 | D:4      | Noticed Vorhees's ghost (amateur OpSh)
  3700 | D:4      | Learned a level 4 spell: Flame Wave
  3712 | D:5      | Identified the "Wycaseom"
  3712 | D:5      | Entered Level 5 of the Dungeon
  3784 | D:5      | Learned a level 3 spell: Volatile Blastmotes
  4016 | D:5      | Reached * piety under Vehumet
  4016 | D:5      | Offered knowledge of Shock by Vehumet.
  4325 | D:5      | Found a staircase to the Ecumenical Temple.
  4475 | D:5      | Reached XP level 8. HP: 36/41 MP: 14/19
  4571 | D:5      | Found a bloodstained altar of Trog.
  4756 | D:5      | Found a shimmering blue altar of Sif Muna.
  4934 | D:6      | Found a runed translucent door.
  5111 | D:6      | Learned a level 5 spell: Irradiate
  5396 | D:6      | Reached skill level 1 in Transmutations
  5559 | D:6      | Found an iron altar of Okawaru.
  5562 | D:6      | Identified the staff "Momot" {rN+ Will- SInv Earth}
  5566 | D:6      | Identified the +1 falchion of Zedeurch {antimagic, +Blink
                  | rPois}
  6056 | D:6      | Reached XP level 9. HP: 45/45 MP: 15/22
  6384 | D:6      | Found a large runed translucent door.
  6384 | D:6      | Found a large runed translucent door.
  6432 | D:6      | Reached ** piety under Vehumet
  6432 | D:6      | Offered knowledge of Poisonous Vapours by Vehumet.
  6631 | D:6      | Found a runed translucent door.
  6632 | D:6      | Found a runed translucent door.
  6632 | D:6      | Found a runed translucent door.
  7242 | D:7      | Found an opulent altar of Gozag.
  7676 | D:7      | Found a runed translucent door.
  7677 | D:7      | Noticed Crazy Yiuf
  7948 | D:8      | Found a staircase to the Lair.
  7961 | D:8      | Reached skill level 10 in Conjurations
  7964 | D:8      | Reached skill level 5 in Transmutations
  7965 | D:8      | Offered knowledge of Mephitic Cloud by Vehumet.
  8125 | D:8      | Reached XP level 10. HP: 50/50 MP: 22/25
  8146 | D:8      | Found a runed translucent door.
  8153 | D:8      | Noticed makewrite's ghost (novice HOFi)
  8324 | D:8      | Reached *** piety under Vehumet
  8331 | D:8      | Reached skill level 10 in Spellcasting
  8567 | D:8      | Identified the +0 pair of gloves of Card Tricks {rPois
                  | Dex+2}
  8582 | D:8      | Identified the +4 war axe "Gor Unal" {freeze, rElec Stlth+}
  8843 | D:8      | Found Maroj's General Store.
  8873 | D:8      | Found an ancient bone altar of Kikubaaqudgha.
  8915 | D:8      | Offered knowledge of Airstrike by Vehumet.
  9307 | D:8      | Identified the +9 trident of Ywkisagh {venom, Dex+2}
  9330 | D:9      | Found Sothryna's Magic Scroll Emporium.
  9463 | D:9      | Reached **** piety under Vehumet
  9608 | D:9      | Found a staircase to the Orcish Mines.
  9641 | D:9      | Offered knowledge of Sticky Flame by Vehumet.
  9944 | D:9      | Found an ornate altar of the Wu Jian Council.
  9950 | D:9      | Found a white marble altar of Elyvilon.
  9967 | D:9      | Noticed a manticore
  9967 | D:9      | Noticed Maurice
  9980 | D:9      | Killed a manticore
  9981 | D:9      | Reached XP level 11. HP: 54/54 MP: 28/28
 10059 | D:9      | Killed Maurice
 10338 | D:9      | Noticed a two-headed ogre
 10345 | D:9      | Killed a two-headed ogre
 10542 | D:10     | Entered Level 10 of the Dungeon
 11047 | D:10     | Reached skill level 1 in Fighting
 11454 | D:11     | Reached skill level 2 in Fighting
 11554 | D:11     | Found a glowing silver altar of Zin.
 11580 | D:11     | Noticed an animated gold dragon scales
 11582 | D:11     | Found Cadghiurph's Armour Shop.
 11591 | D:11     | Noticed an animated shadow dragon scales
 11628 | D:11     | Noticed a two-headed ogre
 11638 | D:11     | Killed a two-headed ogre
 11639 | D:11     | Reached skill level 3 in Fighting
 11639 | D:11     | Reached skill level 5 in Dodging
 11673 | D:11     | Found Kionoghe's Jewellery Boutique.
 11681 | D:11     | Bought an amulet of magic regeneration for 480 gold pieces
 11783 | D:11     | Found Boigaf's Book Shoppe.
 12080 | D:11     | Noticed a two-headed ogre
 12117 | D:11     | Noticed a six-headed hydra
 12127 | D:11     | Killed a six-headed hydra
 12128 | D:11     | Reached skill level 1 in Evocations
 12165 | D:11     | Noticed a red ugly thing
 12168 | D:11     | Killed a two-headed ogre
 12193 | D:11     | Killed a white ugly thing
 12194 | D:11     | Reached skill level 4 in Fighting
 12340 | D:11     | Reached XP level 12. HP: 66/66 MP: 27/30
 12355 | D:11     | Noticed a boulder beetle
 12377 | D:11     | Killed a boulder beetle
 12833 | D:11     | Noticed a seven-headed hydra
 13012 | D:11     | Found Boigaf's Book Shoppe.
 13032 | D:11     | Found Cadghiurph's Armour Shop.
 13053 | D:11     | Killed a seven-headed hydra
 13246 | D:11     | Found a glowing silver altar of Zin.
 13300 | D:11     | Found Kionoghe's Jewellery Boutique.
 13670 | Lair:1   | Entered Level 1 of the Lair of Beasts
 13801 | Lair:1   | Reached skill level 5 in Fighting
 13923 | Lair:1   | Reached ***** piety under Vehumet
 13923 | Lair:1   | Offered knowledge of Bombard by Vehumet.
 13933 | Lair:1   | Learned a level 6 spell: Bombard
 14177 | Lair:1   | Reached skill level 5 in Evocations
 14186 | Lair:1   | Reached skill level 1 in Earth Magic
 14478 | Lair:2   | Identified the +10 sling "Kate" {freeze, rN+ rCorr}
 14777 | Lair:2   | Found a staircase to the Shoals.
 15229 | Lair:3   | Found a hole to the Spider Nest.
 15252 | Lair:3   | Noticed a catoblepas
 15270 | Lair:3   | Reached skill level 6 in Fighting
 15273 | Lair:3   | Killed a catoblepas
 15737 | Lair:3   | Reached skill level 5 in Earth Magic
 15977 | Lair:4   | Reached XP level 13. HP: 74/74 MP: 19/31
 16048 | Lair:4   | You fall into a shaft and drop 1 floor!
 16048 | Lair:5   | Entered Level 5 of the Lair of Beasts
 16083 | Lair:5   | Found a gate leading to a gauntlet.
 16114 | Gauntlet | Entered a Gauntlet
 16114 | Gauntlet | Found a transporter.
 16114 | Gauntlet | Found a transporter.
 16114 | Gauntlet | Found a transporter.
 16134 | Gauntlet | Found a transporter.
 16146 | Gauntlet | Found a transporter.
 16165 | Gauntlet | Found a transporter.
 16171 | Gauntlet | Found a transporter.
 16179 | Gauntlet | Found a transporter.
 16197 | Gauntlet | Found a transporter.
 16205 | Gauntlet | Found a transporter.
 16223 | Gauntlet | Found a transporter.
 16246 | Gauntlet | Found a transporter.
 16347 | Gauntlet | Offered knowledge of Yara's Violent Unravelling by Vehumet.
 16355 | Gauntlet | Identified the +0 scale mail "Yxtud" {Int+4 Dex-4 SInv}
 16357 | Gauntlet | Identified the +2 cloak of the Boiling Point {rN+ Int+4
                  | Stlth+}
 16380 | Gauntlet | Noticed a minotaur
 16394 | Gauntlet | Killed a minotaur
 17803 | Lair:4   | Reached skill level 10 in Earth Magic
 18286 | Lair:5   | Found a staircase to the Slime Pits.
 18287 | Lair:5   | Found a viscous altar of Jiyva.
 18627 | Lair:5   | Noticed a fire dragon
 18637 | Lair:5   | Killed a fire dragon
 18786 | Lair:5   | Reached skill level 10 in Dodging
 18935 | Lair:5   | Identified a scroll of acquirement
 18937 | Lair:5   | Identified the of Oseas (You acquired it on level 5 of the
                  | Lair of Beasts)
 18937 | Lair:5   | Acquired the +0 pair of gloves of Zotzarchipt {Regen+ Str-2
                  | Int+4}
 18949 | Lair:5   | Lost mutation: You occasionally shout uncontrollably at
                  | your foes. [potion of mutation]
 18949 | Lair:5   | Lost mutation: You are partially covered in iridescent
                  | scales. (AC +2) [potion of mutation]
 18949 | Lair:5   | Gained mutation: Your body sometimes deteriorates upon
                  | taking damage. [potion of mutation]
 18949 | Lair:5   | Gained mutation: You have hoof-like feet. [potion of
                  | mutation]
 18950 | Lair:5   | Lost mutation: You have hoof-like feet. [potion of
                  | mutation]
 18950 | Lair:5   | Lost mutation: Your body sometimes deteriorates upon taking
                  | damage. [potion of mutation]
 18950 | Lair:5   | Lost mutation: You have a pair of small horns on your head.
                  | [potion of mutation]
 18950 | Lair:5   | Gained mutation: You have a somewhat thin skeletal
                  | structure. (Dex +2, Stealth+) [potion of mutation]
 19463 | D:12     | Reached XP level 14. HP: 80/80 MP: 26/33
 19463 | D:12     | Offered knowledge of Starburst by Vehumet.
 19473 | D:12     | Learned a level 6 spell: Starburst
 19973 | D:13     | Found a glowing golden altar of the Shining One.
 20137 | D:13     | Reached skill level 7 in Fighting
 20602 | D:13     | Identified the ring "Ami Cem" {rC+ rN++ rCorr Int+3 SInv}
 21245 | D:14     | Found a gate to the Vaults.
 21547 | D:15     | Entered Level 15 of the Dungeon
 21650 | D:15     | Found a runed translucent gate.
 21651 | D:15     | Found a runed translucent gate.
 21652 | D:15     | Found a runed translucent gate.
 21657 | D:15     | Noticed Pionit's ghost (journeyman GrEE)
 21701 | D:15     | Found a stormy altar of Qazlal.
 21813 | D:15     | Noticed a fire giant
 21821 | D:15     | Reached skill level 15 in Conjurations
 21868 | D:15     | Killed a fire giant
 21954 | D:15     | Found a staircase to the Depths.
 22393 | Orc:1    | Entered Level 1 of the Orcish Mines
 22558 | Orc:2    | Entered Level 2 of the Orcish Mines
 22558 | Orc:2    | Noticed Nessos
 22562 | Orc:2    | Reached skill level 8 in Fighting
 22565 | Orc:2    | Killed Nessos
 22565 | Orc:2    | Offered knowledge of Lee's Rapid Deconstruction by Vehumet.
 22692 | Orc:2    | Found a burning altar of Makhleb.
 22699 | Orc:2    | Identified the +1 robe of the Pits of Slime {Int+2}
 22718 | Orc:2    | Found Xifuomit's Armour Shop.
 22739 | Orc:2    | Found Jauriras's General Store.
 22745 | Orc:2    | Found Jaelaywn's Book Shop.
 22820 | Orc:2    | Reached XP level 15. HP: 88/88 MP: 32/35
 22899 | Orc:2    | Found a transporter.
 22915 | Orc:2    | Offered knowledge of Eringya's Noxious Bog by Vehumet.
 22946 | Orc:2    | Found a transporter.
 22980 | Orc:2    | Found Putios's Armour Shoppe.
 22985 | Orc:2    | Found a staircase to the Elven Halls.
 23006 | Orc:2    | Found Saath's Distillery.
 23056 | Orc:2    | Bought a potion of heal wounds for 70 gold pieces
 23056 | Orc:2    | Bought a potion of haste for 140 gold pieces
 23056 | Orc:2    | Bought a potion of invisibility for 112 gold pieces
 23056 | Orc:2    | Bought a potion of heal wounds for 70 gold pieces
 23056 | Orc:2    | Bought 2 potions of heal wounds for 140 gold pieces
 23056 | Orc:2    | Bought a potion of ambrosia for 112 gold pieces
 23194 | Orc:2    | Found Ysoph's Assorted Antiques.
 23194 | Orc:2    | Found Jyiclenim's Antique Armour Boutique.
 23194 | Orc:2    | Found Dyelux's Antique Armour Shop.
 23194 | Orc:2    | Found Pydisuel's Jewellery Emporium.
 23207 | Orc:2    | Bought a glowing buckler for 232 gold pieces
 23295 | Orc:2    | Noticed Mgcat's ghost (journeyman OpFi)
 23322 | Orc:2    | Reached skill level 9 in Fighting
 23326 | Orc:2    | Killed Mgcat's ghost
 23328 | Orc:2    | Identified the +1 pair of boots of Dramatic Exits {MP+9
                  | Int+7}
 23595 | Spider:1 | Entered Level 1 of the Spider Nest
 23632 | Spider:1 | Learned a level 8 spell: Lehudib's Crystal Spear
 23663 | Spider:1 | Reached skill level 1 in Shields
 24581 | Spider:2 | Noticed Kirke
 24588 | Spider:1 | Killed Kirke
 24654 | Spider:1 | Lost strength.
 24731 | Spider:1 | Learned a level 7 spell: Orb of Destruction
 24817 | Spider:2 | Noticed Nikola
 24822 | Spider:2 | Killed Nikola
 24829 | Spider:2 | Reached ****** piety under Vehumet
 25056 | Orc:2    | Bought a pair of scorched gloves for 256 gold pieces
 25056 | Orc:2    | Identified the +2 pair of gloves "Jennietz" {-Cast Harm
                  | rN+} (You bought it in a shop on level 2 of the Orcish
                  | Mines)
 25247 | Spider:2 | Noticed Louise
 25278 | Spider:2 | Offered knowledge of Freezing Cloud by Vehumet.
 25441 | Spider:2 | Killed Louise
 25619 | Spider:2 | Reached XP level 16. HP: 97/97 MP: 36/36
 25771 | Spider:2 | Reached skill level 10 in Fighting
 26523 | Spider:3 | Offered knowledge of Ignition by Vehumet.
 26538 | Spider:3 | Learned a level 8 spell: Ignition
 26706 | Spider:3 | Reached skill level 15 in Spellcasting
 26770 | Spider:3 | Identified the +0 scale mail of Analysis {Harm}
 26865 | Spider:3 | Identified the +6 falchion of Sicyrosa {speed, SInv}
 27141 | Spider:4 | Entered Level 4 of the Spider Nest
 27304 | Spider:4 | Reached skill level 15 in Earth Magic
 27408 | Spider:4 | Identified the serpent talisman of the Swan {rF+ Slay+2
                  | SInv}
 27634 | Spider:4 | Reached XP level 17. HP: 102/102 MP: 38/39
 27826 | Spider:4 | Offered knowledge of Fire Storm by Vehumet.
 27826 | Spider:4 | Offered knowledge of Shatter by Vehumet.
 27826 | Spider:4 | Offered knowledge of Chain Lightning by Vehumet.
 28381 | Spider:4 | Got a gossamer rune of Zot
 28483 | Spider:4 | Reached skill level 5 in Shields
 28604 | Shoals:1 | Entered Level 1 of the Shoals
 29342 | Shoals:2 | Found Zeihyrgh's Armour Shoppe.
 29412 | Shoals:2 | Found Mixiamai's Armour Emporium.
 29442 | Shoals:2 | Found Hipromow's Assorted Antiques.
 29449 | Shoals:2 | Found a transporter.
 29490 | Shoals:2 | Found a transporter.
 29515 | Shoals:2 | Found Kulourru's Weapon Shop.
 29580 | Shoals:2 | Identified the +1 rapier "Awooshre" {heavy, rPois Str+3
                  | SInv}
 29970 | Shoals:3 | Identified the of Pekhlutz
 29993 | Shoals:3 | Noticed a kraken
 30040 | Shoals:3 | Identified the +1 war axe "Dodium" {venom, rElec rN+++
                  | Str-4 Dex-2}
 30079 | Shoals:3 | Killed a kraken
 30160 | Shoals:3 | Noticed a kraken
 30165 | Shoals:3 | Killed a kraken
 30166 | Shoals:3 | Reached skill level 10 in Fire Magic
 30172 | Shoals:3 | Identified the +1 leather armour of the Centipede {rF+
                  | Will+ Regen+}
 30209 | Shoals:3 | Noticed a kraken
 30234 | Shoals:3 | Killed a kraken
 30306 | Shoals:3 | Reached skill level 11 in Fighting
 30633 | Shoals:4 | Identified the of Ycaefyih
 30633 | Shoals:4 | Entered Level 4 of the Shoals
 30641 | Shoals:4 | Reached XP level 18. HP: 69/110 MP: 40/41
 30681 | Shoals:4 | Noticed Polyphemus
 30692 | Shoals:4 | Killed Polyphemus
 30810 | Shoals:4 | Found a glowing silver altar of Zin.
 30828 | Shoals:4 | Identified the +6 falchion "Feititt" {heavy, Str+2 Int+5}
 31036 | Shoals:4 | Found a glowing golden altar of the Shining One.
 31209 | Shoals:4 | Got a barnacled rune of Zot
 31322 | Shoals:4 | Found a white marble altar of Elyvilon.
 31337 | Shoals:4 | Reached skill level 12 in Fighting
 31386 | Shoals:4 | Identified the +1 robe of Delicate Mirth {Regen+}
 31629 | Shoals:3 | Identified the +6 great sword "Itiudd" {flame, rCorr}
 31887 | Desolati | Identified the "Ohic"
 31887 | Desolati | Identified the of Nyedauss
 31887 | Crypt:3  | Identified the "Olodi"
 31887 | Crypt:3  | Identified the "Goniof"
 31887 | Depths:2 | Identified the of Jairch
 31887 | Elf:1    | Identified the "Kunobbau"
 31887 | Elf:1    | Entered Level 1 of the Elven Halls
 32227 | Elf:1    | You fall into a shaft and drop 1 floor!
 32244 | Elf:2    | Reached XP level 19. HP: 116/116 MP: 34/44
 32429 | Elf:2    | Found a runed translucent gate.
 32429 | Elf:2    | Found a runed translucent gate.
 32429 | Elf:2    | Found a runed translucent gate.
 32897 | Elf:1    | Found a radiant altar of Vehumet.
 32976 | Elf:2    | Noticed Zenata
 32982 | Elf:2    | Killed Zenata
 32983 | Elf:2    | Reached skill level 15 in Fire Magic
 33530 | Elf:2    | Identified the serpent talisman of Isoap {rCorr Int-5
                  | Dex+3}
 33530 | Elf:2    | Noticed Aizul
 33536 | Elf:2    | Killed Aizul
 33632 | Elf:2    | Found Ylaecy's Antique Weapon Emporium.
 33816 | Elf:1    | Paralysed by an air elemental for 1 turns
 34522 | Elf:3    | Identified the "Ficvues"
 34522 | Elf:3    | Entered Level 3 of the Elven Halls
 34832 | Elf:3    | Identified the +2 short sword of the Gloaming {elec, *Noise
                  | MP+9 Str+3 Dex+7}
 35423 | Elf:3    | Identified the +0 leather armour of Sin {rC+ Int+2}
 35635 | Elf:3    | Reached XP level 20. HP: 122/122 MP: 46/46
 35993 | Elf:3    | Identified the staff of the Lamprey {Fly rN+ Will- Int+7
                  | Necro}
 36018 | Elf:3    | Found the +1 cloak of Starlight {*Dazzle EV+4 Stlth--}
 36023 | Elf:3    | Identified the staff of Fuokkavi {rElec rC+ Will+ Stlth+
                  | Air}
 36178 | Elf:3    | Acquired the +3 cloak of Unlefuh {rC+++ rCorr Int-5 SInv}
 36232 | Elf:3    | Learned a level 9 spell: Fire Storm
 36498 | Vaults:1 | Entered Level 1 of the Vaults
 36772 | Vaults:1 | Found a crumbling gateway.
 36796 | Desolati | Entered the Desolation of Salt
 36859 | Desolati | Identified the amulet of Fun {RegenMP Stlth+}
 36994 | Desolati | Identified the ring "Niyfagg" {rF+ rC++ rCorr Dex-4}
 37047 | Desolati | Identified the +5 scale mail "Goaxel" {rPois Str-2 Int+3}
 37086 | Desolati | Identified the ring "Zixe Jutze" {Ice Will+}
 37090 | Desolati | Identified the ring of Loyni {rElec rF+}
 37104 | Desolati | Found the +5 scythe "Finisher" {speed, execute}
 37127 | Desolati | Found the +16 obsidian axe {drain, demonic, Mesm Drain Fly
                  | SInv}
 37131 | Desolati | Identified the ring "Mylyzal" {Int+6 Dex+2}
 37144 | Desolati | Identified the amulet of Sote {Spirit rPois Dex+2 Stlth+}
 37410 | Desolati | Identified the ring of Qeneag {AC+4 Str+4}
 37840 | Vaults:1 | Reached XP level 21. HP: 127/127 MP: 47/47
 38268 | Vaults:1 | Identified the +0 robe of Instinct {rN+++}
 38271 | Vaults:1 | Identified the ring "Ecracw" {Fire Str+4 Int+4}
 38289 | Vaults:1 | Identified the +1 hand axe of Meagiwk {heavy, Dex+3}
 38292 | Vaults:1 | Identified the +3 sling of Parts Unknown {drain, rPois rF+
                  | rN++ Dex+3}
 38433 | Vaults:1 | Found Teazueme's Antique Weapon Emporium.
 39122 | Vaults:2 | Noticed Sojobo
 39124 | Vaults:2 | Killed Sojobo
 39646 | Vaults:2 | Identified the +7 trident of Laceration {heavy, *Rage *Slow
                  | Will+++ rCorr}
 39926 | Vaults:3 | Found Duymnot's Armour Shoppe.
 39940 | Vaults:3 | Found Ogaikk's Magic Scroll Boutique.
 39943 | Vaults:3 | Bought a scroll of fear for 60 gold pieces
 39943 | Vaults:3 | Bought a scroll of acquirement for 780 gold pieces
 39943 | Vaults:3 | Identified the "Muxet" (You acquired it on level 3 of the
                  | Vaults)
 39943 | Vaults:3 | Acquired a +2 hat of willpower
 40251 | Vaults:3 | Found Cytyam's Antique Armour Boutique.
 40291 | Vaults:3 | Found Ecvuxkuo's Book Boutique.
 40463 | Vaults:3 | Found Aviz's Weapon Emporium.
 40823 | Vaults:3 | Found a staircase to the Crypt.
 40944 | Vaults:3 | Noticed Norris
 40946 | Vaults:3 | Killed Norris
 41421 | Vaults:3 | Noticed Margery
 41426 | Vaults:3 | Killed Margery
 41427 | Vaults:3 | Reached XP level 22. HP: 111/132 MP: 11/48
 41635 | Crypt:1  | Entered Level 1 of the Crypt
 41846 | Crypt:1  | Learned a level 9 spell: Shatter
 42564 | Crypt:2  | Identified the ring of the Pure Dances {Ice rPois rCorr
                  | Str+3 Int-3}
 42564 | Crypt:2  | Noticed Josephina
 42566 | Crypt:2  | Killed Josephina
 42683 | Crypt:2  | Reached skill level 15 in Dodging
 42901 | Crypt:2  | Noticed Bai Suzhen
 42904 | Crypt:2  | Killed Bai Suzhen
 43233 | Crypt:2  | Found an ancient bone altar of Kikubaaqudgha.
 43347 | Crypt:3  | Entered Level 3 of the Crypt
 43376 | Crypt:3  | Reached skill level 13 in Fighting
 43595 | Crypt:3  | Noticed Mennas
 43597 | Crypt:3  | Killed Mennas
 43689 | Crypt:3  | Noticed an ancient lich
 43693 | Crypt:3  | Reached skill level 14 in Fighting
 43694 | Crypt:3  | Killed an ancient lich
 44118 | Shoals:2 | Bought the orb of Going Fast {*channel, rCorr} for 452 gold
                  | pieces
 44147 | Shoals:2 | Bought a potion of invisibility for 200 gold pieces
 44147 | Shoals:2 | Bought a potion of lignification for 75 gold pieces
 45339 | Crypt:3  | Found an ancient bone altar of Kikubaaqudgha.
 45340 | Crypt:3  | Identified the +4 battleaxe of the Snake Pit {flame, SInv}
 45341 | Crypt:3  | Reached skill level 1 in Shapeshifting
 45380 | Crypt:3  | Found a basalt altar of Yredelemnul.
 45382 | Crypt:3  | Found the +6 Majin-Bo {spellvamp, MP+6 Int+6}
 45396 | Crypt:3  | Identified the +3 dagger of Resumed Hostilities {antimagic,
                  | rElec}
 45494 | Crypt:3  | Reached XP level 23. HP: 143/143 MP: 49/49
 45852 | Crypt:3  | Found a staircase to the Tomb.
 45867 | Zot:3    | Identified the "Vaczoy"
 45867 | Zot:4    | Identified the "Itatyosch"
 45867 | Tomb:1   | Entered Level 1 of the Tomb of the Ancients
 46018 | Tomb:1   | Reached skill level 5 in Shapeshifting
 46722 | Tomb:1   | Noticed a royal mummy
 46724 | Tomb:1   | Killed a royal mummy
 47063 | Tomb:1   | Noticed a royal mummy
 47065 | Tomb:1   | Killed a royal mummy
 47068 | Tomb:1   | Noticed a royal mummy
 47070 | Tomb:1   | Killed a royal mummy
 47074 | Tomb:1   | Noticed a royal mummy
 47076 | Tomb:1   | Killed a royal mummy
 47092 | Tomb:1   | Noticed a royal mummy
 47095 | Tomb:1   | Killed a royal mummy
 47107 | Tomb:1   | Killed a royal mummy
 47110 | Tomb:1   | Noticed a royal mummy
 47112 | Tomb:1   | Killed a royal mummy
 47193 | Tomb:1   | Noticed a royal mummy
 47196 | Tomb:1   | Killed a royal mummy
 47204 | Tomb:1   | Noticed a royal mummy
 47205 | Tomb:1   | Killed a royal mummy
 47258 | Tomb:1   | Noticed a royal mummy
 47260 | Tomb:1   | Killed a royal mummy
 47261 | Tomb:1   | Reached skill level 10 in Shapeshifting
 47267 | Tomb:1   | Noticed a royal mummy
 47269 | Tomb:1   | Killed a royal mummy
 47334 | Tomb:1   | Noticed a royal mummy
 47335 | Tomb:1   | Killed a royal mummy
 47335 | Tomb:1   | Killed a royal mummy
 47335 | Tomb:1   | Killed a royal mummy
 47335 | Tomb:1   | Killed a royal mummy
 47335 | Tomb:1   | Noticed a royal mummy
 47336 | Tomb:1   | Killed a royal mummy
 47336 | Tomb:1   | Killed a royal mummy
 47336 | Tomb:1   | Noticed a royal mummy
 47337 | Tomb:1   | Killed a royal mummy
 47495 | Tomb:1   | Noticed a royal mummy
 47499 | Tomb:1   | Killed a royal mummy
 47539 | Tomb:1   | Noticed a royal mummy
 47542 | Tomb:1   | Killed a royal mummy
 47544 | Tomb:1   | Noticed a royal mummy
 47548 | Tomb:1   | Noticed a royal mummy
 47549 | Tomb:1   | Killed a royal mummy
 47822 | Tomb:1   | Killed a royal mummy
 47918 | Tomb:1   | Acquired the amulet of Toisa {Spirit rC+}
 47919 | Tomb:1   | Identified the of Ucucheetu (You acquired it on level 1 of
                  | the Tomb of the Ancients)
 47919 | Tomb:1   | Acquired the +4 helmet of Sidoenat {rF+ rC++ Int+3 Dex-4}
 47920 | Tomb:1   | Acquired the +1 buckler of Saurodgh {rElec}
 48437 | Slime:1  | Entered Level 1 of the Pits of Slime
 48750 | Slime:3  | Reached XP level 24. HP: 149/149 MP: 44/49
 49281 | Slime:5  | Entered Level 5 of the Pits of Slime
 49318 | Slime:5  | Reached skill level 15 in Shapeshifting
 49706 | Slime:5  | Noticed the Royal Jelly
 49708 | Slime:5  | Killed the Royal Jelly
 49937 | Slime:5  | Identified the +5 trident of Nafenah {flame, +Blink rElec}
 49954 | Slime:5  | Identified the +3 long sword of Putrescence {heavy, MP+9
                  | Dex+4}
 49966 | Slime:5  | Got a slimy rune of Zot
 49967 | Slime:5  | Identified the +2 pair of boots of the Loofah {rN+}
 49978 | Slime:5  | Identified the staff of the Snake Pit {rF- rN+ rCorr MP+9
                  | Necro}
 49981 | Slime:5  | Identified the +1 morningstar of Wrongful Imprisonment
                  | {vamp, rF- rN++ Dex+6}
 49998 | Slime:5  | Identified the +0 whip of Valiance {vamp, Will+ Int-3
                  | Dex+4}
 50001 | Slime:5  | Identified the +2 orcbow of a Labyrinth {flame, rElec rC-
                  | rCorr Dex+3}
 50803 | Tomb:3   | Entered Level 3 of the Tomb of the Ancients
 50826 | Tomb:3   | Noticed a royal mummy
 50829 | Tomb:3   | Killed a royal mummy
 50847 | Tomb:3   | Noticed a royal mummy
 50849 | Tomb:3   | Killed a royal mummy
 50855 | Tomb:3   | Noticed a royal mummy
 50857 | Tomb:3   | Killed a royal mummy
 50871 | Tomb:3   | Noticed a royal mummy
 50873 | Tomb:3   | Killed a royal mummy
 50884 | Tomb:3   | Killed a royal mummy
 50896 | Tomb:3   | Noticed a royal mummy
 50897 | Tomb:3   | Noticed a royal mummy
 50899 | Tomb:3   | Killed a royal mummy
 50900 | Tomb:3   | Killed a royal mummy
 50904 | Tomb:3   | Noticed a royal mummy
 50905 | Tomb:3   | Killed a royal mummy
 50985 | Tomb:3   | "ez"
 51186 | Tomb:3   | Got a golden rune of Zot
 51204 | Tomb:3   | Noticed a royal mummy
 51207 | Tomb:3   | Killed a royal mummy
 51279 | Tomb:3   | Identified the staff "Sajuel" {rC+ Str+3 SInv Conj}
 51284 | Tomb:3   | Identified the storm talisman of Parsimonious Music {rN+++
                  | Str-4 Int+2 Slay+3}
 51319 | Tomb:3   | Identified the +11 spear "Sidub" {venom, rC+ rCorr Dex+4}
 51326 | Tomb:3   | Identified the +1 plate armour of Gozag's Respect {rC+
                  | Str+2}
 51338 | Tomb:3   | Identified the +10 great sword "Jeda" {protect, rElec}
 51340 | Tomb:3   | Identified the ring "Roxzonenn" {rElec rF+ rN+ Dex+4}
 51350 | Tomb:3   | Identified the +7 orcbow "Wiet" {antimagic, Dex+2}
 51921 | Vaults:4 | Found a runed translucent door.
 51980 | Vaults:4 | Noticed Ynkabiuw's ghost (adept TrCK)
 52088 | Vaults:4 | Reached XP level 25. HP: 154/154 MP: 49/49
 52251 | Vaults:4 | Killed Ynkabiuw's ghost
 52264 | Vaults:4 | Identified the +1 pair of gloves of the Immovable Artisans
                  | {rF+ Int+3}
 52904 | Vaults:5 | Entered Level 5 of the Vaults
 52947 | Vaults:5 | Identified the staff "Eviscerator" {rN+ Earth} (You took it
                  | off a deep elf annihilator on level 5 of the Vaults)
 53115 | Vaults:5 | Identified the +3 short sword of Departure {protect, rF+
                  | rC+ Int+3}
 53367 | Vaults:5 | Got a silver rune of Zot
 53414 | Vaults:5 | Identified the scarf of Ytoik {+Inv, SInv}
 53442 | Vaults:5 | Noticed an ancient lich
 53444 | Vaults:5 | Killed an ancient lich
 53474 | Vaults:5 | Identified the +1 chain mail "Buodohia" {rC+ Str+2 Stlth+}
 53477 | Vaults:5 | Identified the +0 chain mail of Indomitability {rF+ Int+3
                  | Dex-3 SInv}
 53660 | Vaults:5 | Identified the +0 leather armour of Eriepu {Int+3 SInv}
 54563 | Depths:1 | Entered Level 1 of the Depths
 54670 | Depths:1 | Reached skill level 15 in Fighting
 54937 | Depths:1 | Found a one-way gate to the infinite horrors of the Abyss.
 54961 | Depths:1 | Found a gateway to Hell.
 55020 | Depths:1 | Found a blossoming altar of Fedhas.
 55200 | Depths:1 | Found Uhisidoa's Book Shop.
 55200 | Depths:1 | Found Nooschem's Jewellery Emporium.
 55201 | Depths:1 | Found Pipuw's Jewellery Emporium.
 55697 | Depths:2 | Reached XP level 26. HP: 161/161 MP: 46/49
 55699 | Depths:2 | Noticed the Enchantress
 55704 | Depths:2 | Killed the Enchantress
 55734 | Depths:2 | Reached skill level 16 in Fighting
 55945 | Vaults:1 | Learned a level 9 spell: Chain Lightning
 56099 | Depths:2 | Reached skill level 1 in Air Magic
 56113 | Depths:2 | Identified the +7 falchion of Defiance {flame, Stlth+}
 56141 | Depths:2 | Found a one-way gate leading to the halls of Pandemonium.
 56163 | Depths:2 | Found Packom's Book Shop.
 56241 | Depths:2 | Identified the staff of Cuorch {rF+ rC- Int+6 Fire}
 56246 | Depths:2 | Identified the ring of Disaster {AC+4 SInv}
 56366 | Depths:2 | Bought Maxwell's Memoranda for 800 gold pieces
 56501 | Vaults:1 | Learned a level 8 spell: Maxwell's Capacitive Coupling
 56689 | Depths:2 | Found a one-way gateway to a ziggurat.
 56691 | Depths:2 | Noticed an ancient lich
 56693 | Depths:2 | Killed an ancient lich
 56697 | Depths:2 | Noticed a dread lich
 56699 | Depths:2 | Killed a dread lich
 56724 | Depths:2 | Reached skill level 5 in Air Magic
 56841 | Depths:2 | Noticed a juggernaut
 56843 | Depths:2 | Killed a juggernaut
 57023 | Depths:2 | Reached skill level 17 in Fighting
 58110 | Depths:3 | Identified the +5 quarterstaff of Strategic Superiority
                  | {antimagic, Str+3 SInv}
 58110 | Depths:3 | Identified the +1 plate armour of Kope {rC+ rN+ Str-2}
 58348 | Depths:3 | Reached skill level 10 in Air Magic
 58350 | Depths:3 | Reached skill level 18 in Fighting
 58532 | Depths:3 | Reached XP level 27. HP: 173/173 MP: 49/49
 58643 | Depths:3 | Found the +2 cloak of the Thief {*Fog Slay-2 SInv Stlth+}
 58726 | Depths:3 | Acquired 952 gold pieces
 58757 | Depths:3 | Identified the +4 ring mail of the Evil One {+Inv rF+++
                  | Str+2 Stlth-}
 59096 | Depths:4 | Entered Level 4 of the Depths
 59343 | Depths:4 | Noticed Boris
 59345 | Depths:4 | Killed Boris
 59530 | Depths:4 | Found a broken altar of Ashenzari.
 59935 | Depths:4 | Found a gate to the Realm of Zot.
 60110 | Dis:7    | Identified the "Yllutod"
 60110 | Dis:7    | Identified the "Teumem"
 60110 | Geh:7    | Identified the "Omeylaus"
 60110 | Geh:7    | Identified the of Latucwas
 60110 | Pan      | Entered Pandemonium
 60228 | Pan      | Noticed Rioc the pandemonium lord
 60230 | Pan      | Killed Rioc the pandemonium lord
 60231 | Pan      | Reached skill level 19 in Fighting
 60452 | Pan      | Noticed Poidunis the pandemonium lord
 60453 | Pan      | Killed Poidunis the pandemonium lord
 60488 | Pan      | Identified the +7 mace "Pabro" {heavy, rElec rC- rN+ Str+2}
 60552 | Pan      | Identified the of Ocoimp
 60552 | Pan      | Entered the realm of Cerebov.
 61063 | Pan      | Identified the staff "Ginaim" {rElec rF+++ rC+ rCorr Dex-5
                  | Ice}
 61067 | Pan      | Identified the +5 spear of Decytt {holy, Drain rPois rC+
                  | Dex+7}
 61108 | Pan      | Found the +6 sword of Cerebov {flame}
 61108 | Pan      | Noticed Cerebov
 61149 | Pan      | Killed Cerebov
 61150 | Pan      | Reached skill level 20 in Fighting
 61206 | Pan      | Identified the +6 orcbow of Integrity {antimagic, Drain
                  | +Blink rElec Will-}
 61212 | Pan      | Got a fiery rune of Zot
 61219 | Pan      | Identified the +4 ice dragon scales "Vaph" {rF- rC++ Str+3
                  | Int+3}
 61321 | Pan      | Reached skill level 15 in Air Magic
 61384 | Pan      | Identified the +1 ring mail of the Red God {rPois Str+3
                  | Int+6 Dex+3 Stlth-}
 61425 | Pan      | Noticed Qalaun the pandemonium lord
 61427 | Pan      | Killed Qalaun the pandemonium lord
 61519 | Pan      | Learned a level 1 spell: Apportation
 61519 | Pan      | Identified the ring of Xuptiepu {rCorr MP-9 Int-5 Dex+6
                  | Slay+5}
 61523 | Pan      | Got a demonic rune of Zot
 61760 | Pan      | Entered the realm of Mnoleg.
 61804 | Pan      | Noticed Mnoleg
 61811 | Pan      | Killed Mnoleg
 62052 | Pan      | Got a glowing rune of Zot
 62284 | Pan      | Entered the realm of Lom Lobon.
 62331 | Pan      | Identified the +7 trident of Totesule {pain, Str+2}
 62475 | Pan      | Noticed Lom Lobon
 62476 | Pan      | Killed Lom Lobon
 62507 | Pan      | Got a magical rune of Zot
 63601 | Pan      | Noticed Forei the pandemonium lord
 63603 | Pan      | Killed Forei the pandemonium lord
 63640 | Pan      | Found an exit through the horrors of the Abyss.
 63855 | Pan      | Noticed Exzoemor the pandemonium lord
 63855 | Pan      | Found a huge runed translucent gate.
 63855 | Pan      | Found a huge runed translucent gate.
 63855 | Pan      | Found a huge runed translucent gate.
 63855 | Pan      | Found a huge runed translucent gate.
 63855 | Pan      | Found a huge runed translucent gate.
 63855 | Pan      | Found a huge runed translucent gate.
 63855 | Pan      | Found a huge runed translucent gate.
 63855 | Pan      | Found a huge runed translucent gate.
 63855 | Pan      | Found a huge runed translucent gate.
 63855 | Pan      | Found a huge runed translucent gate.
 63855 | Pan      | Found a huge runed translucent gate.
 63855 | Pan      | Found a huge runed translucent gate.
 63855 | Pan      | Found a huge runed translucent gate.
 63855 | Pan      | Found a huge runed translucent gate.
 63855 | Pan      | Found a huge runed translucent gate.
 63855 | Pan      | Found a huge runed translucent gate.
 63855 | Pan      | Found a huge runed translucent gate.
 63855 | Pan      | Found a huge runed translucent gate.
 63855 | Pan      | Found a huge runed translucent gate.
 63855 | Pan      | Found a huge runed translucent gate.
 63855 | Pan      | Found a huge runed translucent gate.
 63865 | Pan      | Reached skill level 5 in Stealth
 64030 | Pan      | Found an exit through the horrors of the Abyss.
 64217 | Depths:2 | Escaped Pandemonium
 64231 | Pan      | Entered Pandemonium
 64438 | Pan      | Entered the realm of Gloorx Vloq.
 64493 | Pan      | Found an exit through the horrors of the Abyss.
 64842 | Pan      | Reached skill level 10 in Evocations
 64925 | Pan      | Noticed Gloorx Vloq
 64929 | Pan      | Killed Gloorx Vloq
 64986 | Pan      | Got a dark rune of Zot
 65253 | Depths:2 | Escaped Pandemonium
 65310 | Depths:3 | Voluntarily entered the Abyss.
 65590 | Abyss:3  | Noticed an ancient lich
 65605 | Abyss:3  | Killed an ancient lich
 65623 | Abyss:3  | Found a corrupted altar of Lugonu.
 65623 | Abyss:3  | Found a corrupted altar of Lugonu.
 65623 | Abyss:3  | Found a corrupted altar of Lugonu.
 65627 | Abyss:4  | Identified the of Huicaefad
 65627 | Abyss:4  | Identified the of Tick
 65627 | Abyss:4  | Identified the of Xateis Ahad
 65627 | Abyss:4  | Identified the "Veuses"
 65627 | Abyss:4  | Identified the "Ofarch"
 65627 | Abyss:4  | Identified the "Rosu"
 65627 | Abyss:4  | Identified the of Geilit
 65627 | Abyss:4  | Identified the "Ywutiwo"
 65627 | Abyss:4  | Identified the "Esmuakah"
 65627 | Abyss:4  | Identified the "Qozxac"
 65661 | Abyss:4  | Reached skill level 10 in Stealth
 65668 | Abyss:4  | Got an abyssal rune of Zot
 65679 | Depths:3 | Escaped the Abyss
 65741 | Hell     | Entered the Vestibule of Hell
 65742 | Hell     | Noticed Geryon
 65745 | Hell     | Noticed Murray
 65747 | Hell     | Killed Geryon
 65750 | Hell     | Killed Murray
 65760 | Hell     | Reached skill level 21 in Fighting
 65862 | Hell     | Found a gateway to the Iron City of Dis.
 65893 | Dis:1    | Entered Level 1 of the Iron City of Dis
 65905 | Dis:1    | Noticed an ancient lich
 65906 | Dis:1    | Killed an ancient lich
 66083 | Dis:2    | Noticed an ancient lich
 66083 | Dis:2    | Noticed an ancient lich
 66084 | Dis:2    | Noticed an ancient lich
 66085 | Dis:2    | Killed an ancient lich
 66085 | Dis:2    | Killed an ancient lich
 66085 | Dis:2    | Killed an ancient lich
 66406 | Dis:3    | Noticed a dread lich
 66409 | Dis:3    | Killed a dread lich
 66460 | Dis:4    | Reached skill level 22 in Fighting
 66985 | Dis:5    | Noticed a juggernaut
 66988 | Dis:5    | Killed a juggernaut
 67439 | Dis:7    | Entered Level 7 of the Iron City of Dis
 67699 | Dis:7    | Noticed the Serpent of Hell
 67706 | Dis:7    | Killed the Serpent of Hell
 67871 | Dis:7    | Reached skill level 23 in Fighting
 67900 | Dis:7    | Noticed a juggernaut
 67903 | Dis:7    | Killed a juggernaut
 68426 | Dis:7    | Noticed a juggernaut
 68428 | Dis:7    | Killed a juggernaut
 68576 | Dis:7    | Noticed a juggernaut
 68580 | Dis:7    | Killed a juggernaut
 68717 | Dis:7    | Noticed Dispater
 68724 | Dis:7    | Killed Dispater
 68729 | Dis:7    | Identified the +1 quarterstaff of Feurirae {drain, rPois
                  | rC+ Int+3}
 68729 | Dis:7    | Found the orb of Dispater {+Damnation *Corrode AC+5}
 68736 | Dis:7    | Identified the +3 falchion "Ylisuim" {speed, *Rage rN++
                  | Str+3 Dex+8 Stlth-}
 68743 | Dis:7    | Got an iron rune of Zot
 68961 | Dis:7    | Identified the +10 orcbow of the Mouth {heavy, Contam rN++
                  | Int+4}
 69251 | Hell     | Found a gateway to the ashen valley of Gehenna.
 69345 | Hell     | Found a gateway to the decaying netherworld of Tartarus.
 69362 | Tar:1    | Entered Level 1 of Tartarus
 69381 | Tar:1    | Reached skill level 24 in Fighting
 69643 | Tar:3    | Noticed a dread lich
 69646 | Tar:3    | Noticed a dread lich
 69647 | Tar:3    | Killed a dread lich
 69648 | Tar:3    | Killed a dread lich
 69650 | Tar:3    | Noticed an ancient lich
 69651 | Tar:3    | Killed an ancient lich
 69652 | Tar:3    | Noticed a dread lich
 69657 | Tar:3    | Noticed an ancient lich
 69658 | Tar:3    | Killed a dread lich
 69659 | Tar:3    | Killed an ancient lich
 69659 | Tar:3    | Noticed an ancient lich
 69673 | Tar:3    | Killed an ancient lich
 69674 | Tar:3    | Reached skill level 15 in Evocations
 69966 | Tar:5    | You fall into a shaft and drop 1 floor!
 70134 | Tar:7    | Entered Level 7 of Tartarus
 70711 | Tar:7    | Noticed a dread lich
 70713 | Tar:7    | Killed a dread lich
 71146 | Tar:7    | Noticed an ancient lich
 71148 | Tar:7    | Killed an ancient lich
 71152 | Tar:7    | Noticed a dread lich
 71154 | Tar:7    | Killed a dread lich
 71365 | Tar:7    | Noticed Ereshkigal
 71369 | Tar:7    | Killed Ereshkigal
 71581 | Tar:7    | Noticed an ancient lich
 71583 | Tar:7    | Killed an ancient lich
 71788 | Tar:7    | Got a bone rune of Zot
 71906 | Tar:7    | Identified the ring of Ixesh {rElec Str+6 Stlth+}
 71932 | Tar:7    | Identified the +0 robe "Jimoph" {Drain Regen+ Int+2}
 72211 | Tar:7    | Found the +12 glaive of Prune {freeze, Prune}
 72217 | Tar:7    | Identified the +1 falchion of Gaux {freeze, rPois rF- Str+3
                  | Int+2}
 72315 | Hell     | Found a gateway to the freezing wastes of Cocytus.
 72332 | Coc:1    | Entered Level 1 of Cocytus
 72352 | Coc:1    | Paralysed by a wendigo for 1 turns
 72741 | Coc:3    | You fall into a shaft and drop 2 floors!
 72782 | Coc:7    | Entered Level 7 of Cocytus
 72784 | Coc:7    | Paralysed by a wendigo for 1 turns
 72817 | Coc:7    | Reached skill level 25 in Fighting
 73016 | Coc:7    | Reached skill level 26 in Fighting
 73026 | Coc:7    | Noticed Antaeus
 73033 | Coc:7    | Killed Antaeus
 73212 | Coc:7    | Identified the +2 robe of the Abyss {rN+ Int+2}
 73221 | Coc:7    | Identified the ring "Geleshro" {rElec Str+6 SInv}
 73252 | Coc:7    | Got an icy rune of Zot
 73515 | Geh:1    | Entered Level 1 of Gehenna
 74294 | Geh:6    | Reached skill level 27 in Fighting
 74784 | Geh:7    | Entered Level 7 of Gehenna
 75159 | Geh:7    | Identified the +11 arbalest of Superiority {freeze, Int+2
                  | Stlth+}
 75297 | Geh:7    | Found the +13 sceptre of Asmodeus
 75297 | Geh:7    | Noticed Asmodeus
 75392 | Geh:7    | Killed Asmodeus
 75417 | Geh:7    | Got an obsidian rune of Zot
 75671 | Zot:1    | Entered Level 1 of the Realm of Zot
 75784 | Zot:3    | Reached skill level 15 in Stealth
 75907 | Zot:5    | Entered Level 5 of the Realm of Zot
 75919 | Zot:5    | Noticed a dread lich
 75923 | Zot:5    | Killed a dread lich
 75947 | Zot:5    | Killed a dread lich
 75952 | Zot:5    | Noticed a dread lich
 75952 | Zot:5    | Noticed an ancient lich
 75954 | Zot:5    | Killed a dread lich
 75954 | Zot:5    | Killed an ancient lich
 75956 | Zot:5    | Noticed an orb of fire
 75959 | Zot:5    | Killed an orb of fire
 75976 | Zot:5    | Noticed an orb of fire
 75979 | Zot:5    | Killed an orb of fire
 75982 | Zot:5    | Noticed an ancient lich
 75984 | Zot:5    | Noticed an orb of fire
 75985 | Zot:5    | Killed an ancient lich
 75987 | Zot:5    | Killed an orb of fire
 75988 | Zot:5    | Noticed a dread lich
 75988 | Zot:5    | Noticed a dread lich
 75989 | Zot:5    | Killed a dread lich
 75994 | Zot:5    | Killed a dread lich
 75996 | Zot:5    | Noticed a dread lich
 75997 | Zot:5    | Killed a dread lich
 76024 | Zot:5    | Got the Orb of Zot
 76230 | Depths:4 | Noticed Oseejopi the pandemonium lord
 76233 | Depths:4 | Killed Oseejopi the pandemonium lord
 76346 | Depths:2 | Noticed Seycon the pandemonium lord
 76350 | Depths:2 | Killed Seycon the pandemonium lord
 76457 | D:12     | Noticed Jouwel the pandemonium lord
 76463 | D:12     | Killed Jouwel the pandemonium lord
 76497 | D:12     | Noticed Boris
 76499 | D:12     | Killed Boris
 76683 | D:1      | gg
 76684 | D:$      | Escaped with the Orb!

Illustrated notes *,,,,,,+**,,,,,,,,,,, *,,,,,,*,*,,,,,,,,,,, **,,,,,*##..,,,,,,,,, *^,,,,.....,,,,,,,,, **,,......,,,,,,,,,, ***....[,,,,,,,,,,, *##)###*,,,,,,,,, ###...)##,,,,,,,,, ##@....).##,,,,,,,, #$$.....).##,,,,,,, ##$$.......<##^..... #$$..........##^...z #$$$..........##.M.9 #$$$$$........##..M. #$$$$$$$.......#...b #$$$!:$/).....[#○b.. ##$$$$$$$$.....))... Turn 50985 on Tomb:3: "ez"

>.....#.####.#.....######.####.#
#####.#.####.#.....# #.# #>#
#...........#.## #.# #.#
#.#.####.......######÷# #.#
#.#.# ###............# #.# #.#.#
#......####### #.#
#.#.###########.# ####.#
#.#......##...#.# #....# #
#......##.'.@.'.# #.#### #
######.#..#...### #.# #
##.#...##'## #.# # #.###.....#
#.# # #..#..###.# #.# # #.#.#.#
#.# #.# # #####.###.# #.# #.#
####.........# #.# ######.#####
#.......†....# #.# #...........


Turn 76683 on D:1: gg

Levels and vault maps discovered:
D:1:      dpeg_arrival_tiny_g, layout_loops_ring
D:2:      layout_loops_ring, corexii_corridor_pit, minmay_rat_gold_closets,
          uniq_robin, uniq_natasha
D:3:      layout_loops_ring, nemelex_spade_bored_becter, serial_glass,
          glass_columns_b, glass_columns_b
D:4:      layout_loops_ring, nicolae_vehumet_radiance, gammafunk_ghost_smash
D:5:      nicolae_BIG_FREAKIN_CUBE, layout_cave_pods,
          nzn_overflow_gifts_of_might_and_magic, minmay_temple_entry_large_hall,
          serial_column_ruins, column_ruins_open_tiny,
          column_ruins_corridor_corner, column_ruins_open_medium_water,
          column_ruins_open_tiny, column_ruins_open_tiny
D:6:      layout_basic, okawaru_ov_weapons_minmay, lightli_church_of_beogh
D:7:      layout_basic, amcnicky_altar_gilded, uniq_crazy_yiuf_cottage
D:8:      layout_cave_pools, mainiacjoe_overflow_surrounded_room,
          due_lair_maze_entry_diamond, special_room [special_room_orc],
          serial_shops, shop, ebering_ghost_funeral_grove,
          minmay_alternating_orb
D:9:      layout_irregular_city, mainiacjoe_overflow_catwalk_spiral,
          orc_0_dummy, serial_column_ruins, column_ruins_hut_water,
          column_ruins_columns_dead_end, column_ruins_open_large,
          column_ruins_columns_T, column_ruins_columns_straight, serial_shops,
          nicolae_diamond_shop, nicolae_twisty_statue_hallways, uniq_maurice
D:10:     layout_loops_ring
D:11:     cheibrodos_barr_body, layout_stronghold, serial_shops,
          nicolae_shop_mannequins, shop_fountains,
          nicolae_shop_advertising_works [nicolae_subvault_shop_adworks],
          serial_column_ruins, column_ruins_open_tiny_water,
          column_ruins_open_tiny, column_ruins_open_large,
          column_ruins_open_tiny, column_ruins_open_tiny, zin_academy
D:12:     layout_roguey
D:13:     layout_basic, tso_metal_star
D:14:     layout_cave_pools, hellmonk_vaults_order_and_chaos,
          chequers_serial_rivers_small_a, minmay_fractal_squares_5
D:15:     hellmonk_depths_entry_around_the_bend, layout_small_grid,
          gammafunk_ghost_split, nicolae_qazlal_style_of_elements
Lair:1:   layout_loops_ring
Lair:2:   layout_regular_city, minmay_shoals_entry_hut, serial_bayou_shore_b,
          serial_bayou_shore_b
Lair:3:   layout_loops_ring, spider_nest_entry_webs, serial_bayou_shore_b
Lair:4:   layout_layer_cave, nicolae_volcano_entry_vermiform, serial_forest,
          infiniplex_forest_zigzag_1, infiniplex_forest_clump_tiny,
          infiniplex_forest_clump_medium, infiniplex_forest_lined_1,
          infiniplex_forest_clump_tiny, infiniplex_forest_clump_C,
          infiniplex_forest_clump_long, infiniplex_forest_clump_double,
          infiniplex_forest_straight_2, infiniplex_forest_lined_2, st_stairs_12,
          nicolae_lair_grazing_beasts [nicolae_sub_lair_graze_edge,
          nicolae_sub_lair_graze_edge, nicolae_sub_lair_graze_edge,
          nicolae_sub_lair_graze_edge]
Lair:5:   guppyfry_lair_end_dragon, layout_gridlike, minmay_slime_entry_pillars,
          gauntlet_entry_generic
Shoals:1: layout_shoals
Shoals:2: gammafunk_sealed_arena, layout_shoals, serial_shops, shop, shop, shop,
          nicolae_stop_n_shop_2
Shoals:3: nicolae_shoals_lighthouse, layout_shoals
Shoals:4: shoals_end_hellmonk_holy_island, uniq_polyphemus
Spider:1: layout_cave_pods
Spider:2: layout_spider_delve, beargit_elvish_explorers, uniq_kirke,
          uniq_nikola, uniq_louise
Spider:3: cheibrodos_forgotten_conduit
Spider:4: hellmonk_spider_rune_endless_swarm
Slime:1:  layout_caves
Slime:2:  layout_caves
Slime:3:  layout_caves, cheibrodos_slime_lost_civilization_7
Slime:4:  nicolae_slime_pool, layout_caves, basic_altar
Slime:5:  slime_pit_nicolae_royal_road_to_ruin
Orc:1:    layout_caves, serial_shops, nicolae_shop_tiny_real_fake_doors,
          uniq_snorg
Orc:2:    st_orc_ogre_mass, layout_caves, gammafunk_ghost_berserking_beasts,
          serial_shops, shop, shop, shop, nicolae_shop_stone,
          nicolae_shop_just_a_little_nook, bloody_makhleb, uniq_nessos
Elf:1:    kennysheep_spiral_hall, layout_onion_city, minmay_elf_necromancy,
          lemuel_upstairs_altar
Elf:2:    elven_hall_of_blades_hangedman_original
          [nicolae_blade_entry_diamond_columns], layout_geoelf_diagonals,
          serial_shops, shop, uniq_aizul, uniq_zenata
Elf:3:    grunt_elf_hall_branching, layout_geoelf_octagon, laboratory
Vaults:1: portal_desolation_entry_nicolae_nacl,
          nicolae_vaults_ellipses_ellipsis, nicolae_vaults_cornered_office,
          dpeg_vaults_monster_row, nicolae_vaults_little_squares_5,
          v_alt_pattern_5, hangedman_vaults_corner, nicolae_vaults_wrenched,
          ontoclasm_vaults_loading_screen,
          nicolae_vaults_storing_the_good_stuff, layout_vaults_big_room,
          serial_shops, shop_statue
Vaults:2: v_rooms_5, vaults_standard_mumra_lines,
          nicolae_vaults_surprise_closet_hard, grunt_vaults_trifunnel,
          dpeg_vaults_monster_box, nicolae_vaults_offset_grid_hallway_3,
          nicolae_vaults_two_Ls, nicolae_vaults_closet_pinwheel_2,
          layout_vaults_maze, uniq_sojobo
Vaults:3: hangedman_vaults_cutoff, nicolae_vaults_cornered_office,
          vaults_room_pools, vaults_room_door_hall, nicolae_vaults_house_2,
          v_rooms_5, nicolae_vaults_closet_pinwheel_4,
          nicolae_vaults_border_crossing, nicolae_vaults_rhombus_6,
          blue_anna_dwarven_crypt, nicolae_vaults_little_squares_6,
          nicolae_vaults_little_squares_2, nicolae_vaults_corpse_flower,
          ontoclasm_vaults_bender, layout_vaults_omnibox, serial_shops,
          nicolae_shop_window_shopping, nicolae_lakefront_shop,
          nicolae_square_shop, nicolae_lakefront_shop, shop, uniq_norris,
          uniq_margery
Vaults:4: ebering_ghost_reflecting_pool, nicolae_vaults_diagonal_hallway_8,
          nicolae_vaults_wine_cellar, nicolae_vaults_more_shelving_1,
          nicolae_vaults_network_periphery, dpeg_vaults_waves,
          hangedman_vaults_variations, nicolae_vaults_little_squares_3,
          nicolae_vaults_frosty_reception, nicolae_vaults_apartment_2,
          nicolae_vaults_octothorpe, ontoclasm_vaults_decontamination,
          vaults_room_corners, layout_vaults_ring
Vaults:5
Crypt:1:  layout_rooms, nicolae_letterblocks [nicolae_letter_subblock,
          nicolae_letter_subblock, nicolae_letter_subblock,
          nicolae_letter_subblock, nicolae_letter_subblock,
          nicolae_letter_subblock, nicolae_letter_subblock,
          nicolae_letter_subblock, nicolae_letter_subblock,
          nicolae_letter_subblock, nicolae_letter_subblock,
          nicolae_letter_subblock, nicolae_letter_subblock,
          nicolae_letter_subblock, nicolae_letter_subblock,
          nicolae_letter_subblock, nicolae_letter_subblock,
          nicolae_letter_subblock, nicolae_letter_subblock,
          nicolae_letter_subblock, nicolae_letter_subblock,
          nicolae_letter_subblock, nicolae_letter_subblock,
          nicolae_letter_subblock, nicolae_letter_subblock], grunt_megastairs_3,
          grunt_crypt_arrival_split
Crypt:2:  layout_rooms, basic_altar, st_stairs_3, uniq_josephina,
          uniq_bai_suzhen
Crypt:3:  lightli_unholy_cathedral, layout_chaotic_city,
          tomb_entry_pyramid_bobbens, palyth_stone_intersect, uniq_mennas
Tomb:1
Tomb:2
Tomb:3
Depths:1: layout_basic, abyss_entry_small_statue_room, hell_entry,
          fedhas_altar_4, st_stairs_3, dk_noncrumbling_2,
          nicolae_figureground_sparkle, serial_bayou_shore_b, firewood_loft,
          grunt_megastairs_1, minmay_shop_grove, serial_bayou_shore_b,
          serial_bayou_shore_b, serial_bayou_shore_b
Depths:2: hellmonk_hyper_hexagons [hex_subvault_four_corners,
          hex_subvault_ellipse_pattern, hex_subvault_fishy,
          hex_subvault_dug_out, hex_subvault_rooms, hex_subvault_bowtie,
          hex_subvault_double_channel], pan_entry, hell_entry
Depths:3: grunt_runaround [grunt_runaround_doors_1, grunt_runaround_doors_2,
          grunt_runaround_doors_3, grunt_runaround_doors_4,
          grunt_runaround_loot], hell_entry, abyss_entry
Depths:4: grunt_bruiser_brothers, layout_cave_pools, evilmike_ruin_ashenzari,
          hell_entry, abyss_entry_glasseish, st_stairs_5, uniq_boris
Hell
Dis:1:    hangedman_dis_decor_blocks_talon, layout_gridville
Dis:2:    layout_regular_city, nicolae_dis_liches_on_tour
Dis:3:    layout_gridville, nicolae_dis_emergency_hatch
Dis:4:    layout_subdivisions
Dis:5:    nicolae_hells_titanomachy
Dis:6:    layout_jigsaw
Dis:7:    dis_hangedman
Geh:1:    layout_gehenna_pools_triple
Geh:2:    layout_gehenna_pools_box
Geh:3:    layout_gehenna_pools_triple
Geh:4:    layout_gehenna_pools_basic
Geh:5:    layout_gehenna_lava_caves, nicolae_geh_isolated_escape
Geh:6:    layout_gehenna_pools_box
Geh:7:    geh_grunt
Coc:1:    layout_ice_bergs
Coc:2:    layout_cocytus_water_paths
Coc:3:    layout_cocytus_delve
Coc:5:    layout_ice_bergs, serial_ice, serial_ice_b, serial_ice_m
Coc:6:    layout_cocytus_delve
Coc:7:    coc_grunt_cove [coc_grunt_cove_antaeus, coc_grunt_cove_fiend,
          coc_grunt_cove_fiend, coc_grunt_cove_fiend, coc_grunt_cove_fiend]
Tar:1:    layout_grid_maze
Tar:2:    layout_cathedral_of_symmetry, nicolae_tar_combbox
Tar:3:    layout_grid_maze, nicolae_tar_cuneiform_not,
          nicolae_hells_leichenhalle
Tar:4:    layout_honeycomb
Tar:5:    layout_grid_maze
Tar:6:    layout_grid_maze, nicolae_hells_hurtin_island
Tar:7:    tar_grunt_cathedral
Zot:1:    layout_basic, st_stairs_4
Zot:2:    kennysheep_blocky_room, layout_gridlike, uniq_grunn
Zot:3:    ebering_greatest_show_in_zot, layout_concentric_octagons,
          lemuel_lake_of_fire
Zot:4:    layout_cathedral_of_symmetry, regret_index_zotdec_under_construction
Zot:5:    layout_twisted_circle

Skill      XL: |  1  2  3  4  5  6  7  8  9 10 11 12 13 14 15 16 17 18 19 20 21 22 23 24 25 26 27 |
---------------+----------------------------------------------------------------------------------+-----
Conjurations   | 2 3 4 5 6 8 10 12 14 15 16 18 20 | 20.9
Fire Magic     | 4 5 6 7 8 10 13 18 20 | 20.9
Spellcasting   | 4 5 6 7 9 11 12 13 14 16 17 19 20 26 | 26.4
Transmutations | 2 5 6 |  6.0
Fighting       | 4 6 8 9 10 11 12 14 15 18 27 | 27.0
Dodging        | 6 9 10 12 13 14 15 | 15.0
Evocations     | 2 7 8 20 | 20.0
Earth Magic    | 5 10 11 13 15 19 20 24 | 24.0
Shields        | 3 4 6 |  6.0
Shapeshifting  | 2 14 19 23 | 23.0
Air Magic      | 10 24 | 24.0
Stealth        | 19 | 19.9

Action                     |  1- 3 |  4- 6 |  7- 9 | 10-12 | 13-15 | 16-18 | 19-21 | 22-24 | 25-27 || total
---------------------------+-------+-------+-------+-------+-------+-------+-------+-------+-------++-------
  Melee: Unarmed           |    11 |       |       |       |       |       |       |       |       ||    11
         Dagger            |       |     5 |    16 |    29 |       |       |       |       |       ||    50
         Kick              |       |     1 |     1 |       |       |       |       |       |       ||     2
         Headbutt          |       |       |     5 |    10 |     4 |       |       |       |       ||    19
         Punch             |       |       |       |     2 |     2 |       |       |       |       ||     4
         Staff             |       |       |       |    12 |    47 |    34 |    24 |     2 |    46 ||   165
  Throw: Dart              |       |       |       |     1 |       |       |       |       |       ||     1
   Cast: Foxfire           |    78 |   132 |   135 |   133 |    26 |       |     1 |       |       ||   505
         Scorch            |     3 |     6 |    54 |    63 |    24 |       |       |       |       ||   150
         Flame Wave        |       |       |    16 |    91 |    57 |       |       |       |       ||   164
         Irradiate         |       |       |     1 |     5 |     8 |     5 |     2 |     2 |     8 ||    31
         Volatile Blastmot |       |       |       |    30 |    14 |       |       |       |       ||    44
         Bombard           |       |       |       |       |    17 |       |       |       |       ||    17
         Starburst         |       |       |       |       |   222 |   484 |   341 |    32 |    42 ||  1121
         Orb of Destructio |       |       |       |       |     2 |     3 |     1 |       |       ||     6
         Lehudib's Crystal |       |       |       |       |       |     6 |    44 |    12 |   144 ||   206
         Ignition          |       |       |       |       |       |     4 |    33 |    32 |    97 ||   166
         Fire Storm        |       |       |       |       |       |       |    70 |   334 |   913 ||  1317
         Shatter           |       |       |       |       |       |       |       |     1 |   290 ||   291
         Chain Lightning   |       |       |       |       |       |       |       |       |    60 ||    60
         Maxwell's Capacit |       |       |       |       |       |       |       |       |    16 ||    16
         Apportation       |       |       |       |       |       |       |       |       |    12 ||    12
  Evoke: Wand              |       |       |       |       |     4 |     9 |       |       |     7 ||    20
         Phantom mirror    |       |       |       |       |     1 |     1 |       |       |       ||     2
         Lightning rod     |       |       |       |       |     2 |       |       |       |       ||     2
         Tin of tremorston |       |       |       |       |       |     1 |       |       |     1 ||     2
         Horn of Geryon    |       |       |       |       |       |       |       |       |     1 ||     1
    Use: Scroll            |       |     3 |     4 |    11 |    12 |     8 |     2 |     7 |    11 ||    58
         Potion            |       |     2 |     4 |       |    10 |     4 |     2 |    15 |    10 ||    47
   Stab: Sleeping          |       |       |       |     1 |       |       |       |       |       ||     1
         Paralysed         |       |       |       |       |     9 |     6 |       |       |     6 ||    21
 Armour: Robe              |    32 |    14 |    23 |       |       |       |       |       |       ||    69
         Steam dragon scal |       |       |    30 |    85 |       |       |       |       |       ||   115
         Troll leather arm |       |       |       |    61 |   172 |   124 |       |       |       ||   357
         Leather armour    |       |       |       |       |       |    83 |   134 |    31 |   465 ||   713
         Skin              |       |       |       |       |       |       |       |    18 |       ||    18
  Dodge: Dodged            |    35 |    12 |    61 |   144 |   290 |   295 |   106 |    25 |   211 ||  1179
  Block: Buckler           |       |       |       |       |    15 |   124 |    51 |     7 |       ||   197
         Form:             |       |       |       |       |       |       |       |     1 |     3 ||     4
         Death             |       |       |       |       |       |       |       |     1 |     3 ||     4

Table legend: (Time is in decaauts)
 A = Elapsed time spent in this place.
 B = Non-inter-level travel time spent in this place.
 C = Inter-level travel time spent in this place.
 D = Time resting spent in this place.
 E = Time spent auto-exploring this place.
 F = Levels seen in this place.
 G = Mean time per level.
                   A        B        C        D        E       F      G
               +--------+--------+--------+--------+--------+-----+--------+
         Total |  77282 |  69858 |   7424 |  18750 |  31881 | 108 |  715.6 |
       Dungeon |  18041 |  16049 |   1992 |   4000 |   9117 |  15 | 1202.7 |
          Lair |   6008 |   5337 |    671 |   1032 |   3136 |   5 | 1201.6 |
        Shoals |   3602 |   3252 |    350 |    455 |   1413 |   4 |  900.5 |
   Spider Nest |   4779 |   4533 |    246 |   1392 |   1785 |   4 | 1194.8 |
    Slime Pits |   1659 |   1522 |    137 |    479 |    670 |   5 |  331.8 |
  Orcish Mines |   1174 |    980 |    194 |    125 |    527 |   2 |  587.0 |
   Elven Halls |   4485 |   4302 |    183 |   1119 |   1759 |   3 | 1495.0 |
        Vaults |   7613 |   6665 |    948 |   1604 |   3753 |   5 | 1522.6 |
         Crypt |   3864 |   3153 |    711 |   1164 |   1537 |   3 | 1288.0 |
          Tomb |   3312 |   2850 |    462 |    972 |    712 |   3 | 1104.0 |
        Depths |   5725 |   4912 |    813 |   1101 |   2957 |   4 | 1431.2 |
          Hell |    378 |    309 |     69 |     80 |      7 |   1 |  378.0 |
           Dis |   3335 |   3213 |    122 |   1277 |   1171 |   7 |  476.4 |
       Gehenna |   2047 |   1895 |    152 |    870 |    338 |   7 |  292.4 |
       Cocytus |   1191 |    975 |    216 |    163 |    262 |   6 |  198.5 |
      Tartarus |   2931 |   2903 |     28 |   1485 |    983 |   7 |  418.7 |
           Zot |    459 |    336 |    123 |     35 |     64 |   5 |   91.8 |
         Abyss |    368 |    368 |      0 |     12 |     63 |   4 |   92.0 |
   Pandemonium |   5125 |   5125 |      0 |   1257 |   1154 |  16 |  320.3 |
    Desolation |    877 |    877 |      0 |    108 |    330 |   1 |  877.0 |
      Gauntlet |    299 |    299 |      0 |     19 |    140 |   1 |  299.0 |
               +--------+--------+--------+--------+--------+-----+--------+

Top non-repeatable levels by time:
  Tomb:1: 2385 daAuts
    D:11: 2311 daAuts
   Tar:7: 2160 daAuts
Vaults:3: 1947 daAuts
     D:6: 1807 daAuts
   Dis:7: 1791 daAuts
   Elf:3: 1749 daAuts
  Lair:5: 1718 daAuts
Depths:2: 1708 daAuts
 Crypt:3: 1660 daAuts
Vaults:2: 1585 daAuts
Depths:3: 1583 daAuts
  Lair:4: 1550 daAuts
     D:8: 1480 daAuts
Vaults:5: 1470 daAuts
